Workbook

Sheet Resumo
A2: Objeto: Contratação de empresa especializada para o fornecimento de equipamentos, materiais e softwares, instalação, configuração, ativação, manutenção, suporte técnico e transferência de tecnologia de sistema de videomonitoramento, incluindo infraestrutura de rede lógica e elétrica, integração com plataformas cortéx, de análise e armazenamento de imagens, e demais procedimentos conforme projeto técnico e termo de referência, visando o fortalecimento da guarda civil municipal de corumbá por meio da ampliação do sistema de videomonitoramento.
A3: Sistemas/Referências: Orçamento 1: Tecner Datacenter Informática Ltda - CNPJ: 17.868.430/0001-01; Orçamento 2: Não houve proposta; Planilha Desonerada SINAPI (MAR/2026).
A4: RESUMO DA PLANILHA ORÇAMENTÁRIA - VIDEOMONITORAMENTO - CORUMBÁ - MS
A5: ='Orçamento Sintético'!A4 -> INFRAESTRUTURA DE TI (CFTV)
H6: SEM BDI | I6: COM BDI 26,63%
H7: CUSTO TOTAL | I7: PREÇO TOTAL
E8: TOTAL COM INFRAESTRUTURA DE TI (CFTV) | H8: ='Planilha de Composição'!K87 -> 1825284.6 | I8: ='Planilha de Composição'!L87 -> 2311162
A10: ='Orçamento Sintético'!A33 -> INFRAESTRUTURA DE CFTV (OBRAS)
H11: SEM BDI | I11: COM BDI 26,63%
H12: CUSTO TOTAL | I12: PREÇO TOTAL
E13: TOTAL COM INFRAESTRUTURA DE CFTV (OBRA) | H13: ='Orçamento Sintético'!F87 -> 188395.69 | I13: ='Orçamento Sintético'!G87 -> 235909.38
H15: SEM BDI | I15: COM BDI 26,63%
H16: CUSTO TOTAL | I16: PREÇO TOTAL
E17: TOTAL GERAL (TI)+ (OBRAS C BDI) | H17: ='Orçamento Sintético'!F90 -> 2013680.3 | I17: ='Orçamento Sintético'!G90 -> 2547071.4

Sheet Orçamento Sintético
A2: Objeto: Contratação de empresa especializada para o fornecimento de equipamentos, materiais e softwares, instalação, configuração, ativação, manutenção, suporte técnico e transferência de tecnologia de sistema de videomonitoramento, incluindo infraestrutura de rede lógica e elétrica, integração com plataformas cortéx, de análise e armazenamento de imagens, e demais procedimentos conforme projeto técnico e termo de referência, visando o fortalecimento da guarda civil municipal de corumbá por meio da ampliação do sistema de videomonitoramento.
A3: ORÇAMENTO SINTÉTICO - VIDEOMONITORAMENTO - CORUMBÁ - MS
A4: INFRAESTRUTURA DE TI (CFTV)
E5: SEM BDI | F5: SEM BDI | G5: COM BDI 26,63%
A6: ITEM | B6: SOFTWARE DE VIDEOMONITORAMENTO E ANALITICOS (CCI) - ESPECIF. TEC. - ANEXO I | C6: UNIDADE | D6: QUANTIDADE OPERATIVA | E6: CUSTO UNITARIO | F6: CUSTO TOTAL | G6: PREÇO TOTAL
A7: COMPOSIÇÃO 1 | B7: FORNECIMENTO,INSTALAÇÃO,CONFIGURAÇÃO, TREINAMENTO E SUPORTE TECNICO DE 36 MESES - LINCENÇAS BASE (VMS) PARA 28 CÂMERAS / LICENÇA ANALITICO E RECONHECIMENTO FACIAL PARA 20 CÂMERA SPEED DOME - 20 LICENÇAS / LICENÇA LPR PARA CÂMERA FIXA - 8 LICENÇAS | C7: UN. | D7: 28 | E7: ='Planilha de Composição'!J6 -> 3676.4629 | F7: ='Planilha de Composição'!K6 -> 102940.96 | G7: ='Planilha de Composição'!L6 -> 130354.14
E8: SEM BDI | F8: SEM BDI | G8: COM BDI 26,63%
A9: ITEM | B9: EQUIPAMENTO E MATERIAIS PARA SISTEMA DE VIDEOWALL -(CCI) - ESPECIF. TEC. - ANEXO II | C9: UNIDADE | D9: QUANTIDADE OPERATIVA | E9: CUSTO UNITARIO | F9: CUSTO TOTAL | G9: PREÇO TOTAL
A10: COMPOSIÇÃO 2 | B10: SUPORTES E COMPONENTES PARA MONITOR DE VIDEOWALL / MONITORES PARA VIDDEOWALL LCD LED 55"/ CONTROLADORA DE VIDEOWALL / CABO HDMI / COM FORNECIMENTO, INSTALAÇÃO, CONFIGURAÇÃO E AJUSTES | C10: UN. | D10: 6 | E10: ='Planilha de Composição'!J13 -> 30369.23 | F10: ='Planilha de Composição'!K13 -> 182215.38 | G10: ='Planilha de Composição'!L13 -> 230543.41
E11: SEM BDI | F11: SEM BDI | G11: COM BDI 26,63%
A12: ITEM | B12: EQUIPAMENTO E MATERIAIS PARA SISTEMA DE VIDEOMONITORAMENTE (CCI) - ESPECIF. TEC. - ANEXO III | C12: UNIDADE | D12: QUANTIDADE OPERATIVA | E12: CUSTO UNITARIO | F12: CUSTO TOTAL | G12: PREÇO TOTAL
A13: COMPOSIÇÃO 3 | B13: SWITCH GIGABIT 24 PORTAS GERENCIAVEL LAYER/ WORKSTATION COM 2 MONITORES, TECLADO E MOUSE/ SERVIDOR DE DADOS DE PROCESSAMENTO E ARMAZENAMENTO DE IMAGENS/ COM FORNECIMENTO, INSTALAÇÃO E | C13: UN. | D13: 4 | E13: ='Planilha de Composição'!J22 -> 64948.825 | F13: ='Planilha de Composição'!K22 -> 259795.3 | G13: ='Planilha de Composição'!L22 -> 328978.79
E14: SEM BDI | F14: SEM BDI | G14: COM BDI 26,63%
A15: ITEM | B15: EQUIPAMENTO E MATERIAIS PARA SISTEMA DE VIDEOMONITORAMENTE (CCI) - ESPECIF. TEC. - ANEXO III | C15: UNIDADE | D15: QUANTIDADE OPERATIVA | E15: CUSTO UNITARIO | F15: CUSTO TOTAL | G15: PREÇO TOTAL
A16: COMPOSIÇÃO 4 | B16: NOBREAK 10KVA / RACK COMPLETO 44U/ COM FORNECIMENTO E INSTALAÇÃO | C16: UN. | D16: 1 | E16: ='Planilha de Composição'!J35 -> 29186.73 | F16: ='Planilha de Composição'!K35 -> 29186.73 | G16: ='Planilha de Composição'!L35 -> 36959.156
E17: SEM BDI | F17: SEM BDI | G17: COM BDI 26,63%
A18: ITEM | B18: MOBILIÁRIO TÉCNICO (CCI) - ESPECIF. TEC. - ANEXO IV | C18: UNIDADE | D18: QUANTIDADE OPERATIVA | E18: CUSTO UNITARIO | F18: CUSTO TOTAL | G18: PREÇO TOTAL
A19: COMPOSIÇÃO 5 | B19: MESA TÉCNICA 04 LUGARES / COM FORNECIMENTO E MONTAGEM | C19: UN. | D19: 1 | E19: ='Planilha de Composição'!J41 -> 46338.54 | F19: ='Planilha de Composição'!K41 -> 46338.54 | G19: ='Planilha de Composição'!L41 -> 58678.493
E20: SEM BDI | F20: SEM BDI | G20: COM BDI 26,63%
A21: ITEM | B21: MOBILIÁRIO TÉCNICO (CCI) - ESPECIF. TEC. - ANEXO IV | C21: UNIDADE | D21: QUANTIDADE OPERATIVA | E21: CUSTO UNITARIO | F21: CUSTO TOTAL | G21: PREÇO TOTAL
A22: COMPOSIÇÃO 6 | B22: CADEIRA TÉCNICA ERGONOMICA/FORNECIMENTO | C22: UN. | D22: 4 | E22: ='Planilha de Composição'!J46 -> 2031.45 | F22: ='Planilha de Composição'!K46 -> 8125.8 | G22: ='Planilha de Composição'!L46 -> 10289.701
E23: SEM BDI | F23: SEM BDI | G23: COM BDI 26,63%
A24: ITEM | B24: EQUIPAMENTO E MATERIAIS PARA SISTEMA DE VIDEOMONITORAMENTE (PONTO EXTERNO) - ESPECIF. TEC. - ANEXO V | C24: UNIDADE | D24: QUANTIDADE OPERATIVA | E24: CUSTO UNITARIO | F24: CUSTO TOTAL | G24: PREÇO TOTAL
A25: COMPOSIÇÃO 7 | B25: CÂMERA SPEED DOME PTZ IP, CÂMERA IP FIXA, CAIXA OUTDOOR PORTA EQUIPAMENTOS, NOBREAK 700VA, SWITCH 8 PORTAS (CONFORME ESPECIFICAÇÃO TÉCNICA) - FORNECIMENTO, INSTALAÇÃO E CONFIGURAÇÃO | C25: UN. | D25: 28 | E25: ='Planilha de Composição'!J50 -> 21907.943 | F25: ='Planilha de Composição'!K50 -> 613422.4 | G25: ='Planilha de Composição'!L50 -> 776776.79
E26: SEM BDI | F26: SEM BDI | G26: COM BDI 26,63%
A27: ITEM | B27: REDE DE FIBRA ÓPTICA (EXTERNO) - ESPECIF. TEC. - ANEXO VI | C27: UNIDADE | D27: QUANTIDADE OPERATIVA | E27: CUSTO UNITARIO | F27: CUSTO TOTAL | G27: PREÇO TOTAL
A28: COMPOSIÇÃO 8 | B28: REDE DE FIBRA ÓPTICA AUTOSUSTENTÁVEL - FORNECIMENTO, INSTALAÇÃO E CONFIGURAÇÃO | C28: M | D28: 40000 | E28: ='Planilha de Composição'!J60 -> 14.581488 | F28: ='Planilha de Composição'!K60 -> 583259.52 | G28: ='Planilha de Composição'!L60 -> 738581.53
F29: SEM BDI | G29: COM BDI 26,63%
F30: CUSTO TOTAL | G30: PREÇO TOTAL
C31: TOTAL COM INFRAESTRUTURA DE TI (CFTV) | F31: =F7+F10+F13+F16+F19+F22+F25+F28 -> 1825284.6 | G31: =G7+G10+G13+G16+G19+G22+G25+G28 -> 2311162
A33: INFRAESTRUTURA DE CFTV (OBRAS)
E34: SEM BDI | F34: SEM BDI | G34: COM BDI 26,63%
A35: ITEM | B35: SISTEMA DE REFRIGERAÇÃO (CCI) - ESPECIF. TEC. - ANEXO VII | C35: UNIDADE | D35: QUANTIDADE OPERATIVA | E35: CUSTO UNITARIO | F35: CUSTO TOTAL | G35: PREÇO TOTAL
A36: COMPOSIÇÃO 9 | B36: SINAPI: 103260 - AR CONDICIONADO SPLIT INVERTER, PISO TETO, 24000 BTU/H, QUENTE/FRIO - FORNECIMENTO E INSTALAÇÃO AF_11/2021_PSE | C36: UN. | D36: 2 | E36: ='Planilha de Composição'!J92 -> 5932.1572 | F36: ='Planilha de Composição'!K92 -> 11864.314 | G36: ='Planilha de Composição'!L92 -> 15023.781
E37: SEM BDI | F37: SEM BDI | G37: COM BDI 26,63%
A38: ITEM | B38: INFRAESTRUTURA PARA POSTE (EXTERNO) - ESPECIF. TEC. - ANEXO VIII | C38: UNIDADE | D38: QUANTIDADE OPERATIVA | E38: CUSTO UNITARIO | F38: CUSTO TOTAL | G38: PREÇO TOTAL
A39: COMPOSIÇÃO 10 | B39: SINAPI: 100579 - ASSENTAMENTO DE POSTE DE CONCRETO COM COMPRIMENTO NOMINAL DE 10 M, CARGA NOMINAL MENOR OU IGUAL A 1000 DAN, ENGASTAMENTO SIMPLES COM 1,6M DE SOLO. AF_11/2019 (UN.) | C39: UN. | D39: 20 | E39: ='Planilha de Composição'!J109 -> 2111.6637 | F39: ='Planilha de Composição'!K109 -> 42233.273 | G39: ='Planilha de Composição'!L109 -> 53479.994
E40: SEM BDI | F40: SEM BDI | G40: COM BDI 26,63%
A41: ITEM | B41: INFRAESTRUTURA PARA POSTE (EXTERNO) | C41: UNIDADE | D41: QUANTIDADE OPERATIVA | E41: CUSTO UNITARIO | F41: CUSTO TOTAL | G41: PREÇO TOTAL
A42: COMPOSIÇÃO 11 | B42: SINAPI: 102282 - ESCAVAÇÃO MECANIZADA DE VALA COM PROF. ATÉ 1,5 M (MÉDIA MONTANTE E JUSANTE/UMA COMPOSIÇÃO POR TRECHO), ESCAVADEIRA (0,8 M3),LARG. MENOR QUE 1,5 M, EM SOLO DE MOLE, EM LOCAIS COM ALTO NÍVEL DE INTERFERÊNCIA. AF_09/2024 | C42: UN. | D42: 20 | E42: ='Planilha de Composição'!J117 -> 14.473604 | F42: ='Planilha de Composição'!K117 -> 289.47208 | G42: ='Planilha de Composição'!L117 -> 366.55849
E43: SEM BDI | F43: SEM BDI | G43: COM BDI 26,63%
A44: ITEM | B44: INFRAESTRUTURA PARA POSTE (EXTERNO) - ESPECIF. TEC. - ANEXO VIII | C44: UNIDADE | D44: QUANTIDADE OPERATIVA | E44: CUSTO UNITARIO | F44: CUSTO TOTAL | G44: PREÇO TOTAL
A45: COMPOSIÇÃO 12 | B45: SINAPI: 101636 - BRAÇO PERSONALIZADO PARA FIXAÇÃO DE CÂMERAS DE VIDEOMONITORAMENTO, EM TUBO DE AÇO GALVANIZADO, COMPRIMENTO DE 1,50 M, PARA FIXAÇÃO EM POSTE DE CONCRETO COM FORNECIMENTO E INSTALAÇÃO . AF_08/2020 | C45: UN. | D45: 20 | E45: ='Planilha de Composição'!J123 -> 323.26278 | F45: ='Planilha de Composição'!K123 -> 6465.2557 | G45: ='Planilha de Composição'!L123 -> 8186.9533
E46: SEM BDI | F46: SEM BDI | G46: COM BDI 26,63%
A47: ITEM | B47: INFRAESTRUTURA PARA POSTE (EXTERNO) - ESPECIF. TEC. - ANEXO VIII | C47: UNIDADE | D47: QUANTIDADE OPERATIVA | E47: CUSTO UNITARIO | F47: CUSTO TOTAL | G47: PREÇO TOTAL
A48: COMPOSIÇÃO 13 | B48: GUINCHO MANUAL DE CATRACA - FORNECIMENTO DE MATERIAL E MONTAGEM EM POSTE - (CONFORME ESPECIFICAÇÃO TECNICA) | C48: UN. | D48: 20 | E48: ='Planilha de Composição'!J133 -> 475.8605 | F48: ='Planilha de Composição'!K133 -> 9517.21 | G48: ='Planilha de Composição'!L133 -> 12051.643
E49: SEM BDI | F49: SEM BDI | G49: COM BDI 26,63%
A50: ITEM | B50: SISTEMA DE REDE ELETRICA PARA POSTE COM ATERRAMENTO (EXTERNO) - ESPECIF. TEC. - ANEXO IX | C50: UNIDADE | D50: QUANTIDADE OPERATIVA | E50: CUSTO UNITARIO | F50: CUSTO TOTAL | G50: PREÇO TOTAL
A51: COMPOSIÇÃO 14 | B51: SINAPI: 101489 - ENTRADA DE ENERGIA ELÉTRICA, AÉREA, MONOFÁSICA, COM CAIXA DE SOBREPOR, CABO DE 10 MM2 E DISJUNTOR DIN 50A AF_07/2020_PS COM SISTEMA DE ATERRAMENTO (UN.) | C51: UN. | D51: 20 | E51: ='Planilha de Composição'!J142 -> 1609.7004 | F51: ='Planilha de Composição'!K142 -> 32194.008 | G51: ='Planilha de Composição'!L142 -> 40767.272
E52: SEM BDI | F52: SEM BDI | G52: COM BDI 26,63%
A53: ITEM | B53: SISTEMA DE ATERRAMENTO (CCI) - ESPECIF. TEC. - ANEXO X | C53: UNIDADE | D53: QUANTIDADE OPERATIVA | E53: CUSTO UNITARIO | F53: CUSTO TOTAL | G53: PREÇO TOTAL
A54: COMPOSIÇÃO 15 | B54: SISTEMA DE ATERRAMENTO PARA CENTRAL DE MONITORAMENTO (CCI) | C54: UN. | D54: 4 | E54: ='Planilha de Composição'!J167 -> 363.80751 | F54: ='Planilha de Composição'!K167 -> 1455.23 | G54: ='Planilha de Composição'!L167 -> 1842.7578
E55: SEM BDI | F55: SEM BDI | G55: COM BDI 26,63%
A56: ITEM | B56: ADEQUAÇÃO DA SALA DE VIDEOMONITORAMENTO (CCI) - ESPECIF. TEC. - ANEXO XI | C56: UNIDADE | D56: QUANTIDADE OPERATIVA | E56: CUSTO UNITARIO | F56: CUSTO TOTAL | G56: PREÇO TOTAL
A57: COMPOSIÇÃO 16 | B57: SINAPI: 98678 - PISO ELEVADO COM ESTRUTURA EM AÇO, COMPOSTO POR PEDESTAIS E LONGARINAS. AF_09/2020 (M2) - (CONFORME ESPECIFICAÇÃO TECNICA) | C57: M2 | D57: 29 | E57: ='Planilha de Composição'!J177 -> 15.38603 | F57: ='Planilha de Composição'!K177 -> 446.19487 | G57: ='Planilha de Composição'!L177 -> 565.01656
E58: SEM BDI | F58: SEM BDI | G58: COM BDI 26,63%
A59: ITEM | B59: ADEQUAÇÃO DA SALA DE VIDEOMONITORAMENTO (CCI) - ESPECIF. TEC. - ANEXO XI | C59: UNIDADE | D59: QUANTIDADE OPERATIVA | E59: CUSTO UNITARIO | F59: CUSTO TOTAL | G59: PREÇO TOTAL
A60: COMPOSIÇÃO 17 | B60: SINAPI: 104723 - PAREDE COM SISTEMA EM CHAPAS DE GESSO PARA DRYWALL, USO INTERNO, COM DUAS FACES DUPLAS E ESTRUTURA METÁLICA COM GUIAS DUPLAS PARA PAREDES COM ÁREA LÍQUIDA MENOR QUE 6 M2, COM VÃOS. AF_07/2023_PS (M2) - (CONFORME ESPECIFICAÇÃO TECNICA) | C60: M2 | D60: 182 | E60: ='Planilha de Composição'!J183 -> 228.7649 | F60: ='Planilha de Composição'!K183 -> 41635.212 | G60: ='Planilha de Composição'!L183 -> 52722.669
E61: SEM BDI | F61: SEM BDI | G61: COM BDI 26,63%
A62: ITEM | B62: ADEQUAÇÃO DA SALA DE VIDEOMONITORAMENTO (CCI) - ESPECIF. TEC. - ANEXO XI | C62: UNIDADE | D62: QUANTIDADE OPERATIVA | E62: CUSTO UNITARIO | F62: CUSTO TOTAL | G62: PREÇO TOTAL
A63: COMPOSIÇÃO 18 | B63: SINAPI: 96114 - FORRO EM DRYWALL, PARA AMBIENTES COMERCIAIS, INCLUSIVE ESTRUTURA BIRECIONAL DE FIXAÇÃO. AF_08/2023_PS (M2) - (CONFORME ESPECIFICAÇÃO TECNICA) | C63: M2 | D63: 29 | E63: ='Planilha de Composição'!J198 -> 76.46878 | F63: ='Planilha de Composição'!K198 -> 2217.5946 | G63: ='Planilha de Composição'!L198 -> 2808.1401
E64: SEM BDI | F64: SEM BDI | G64: COM BDI 26,63%
A65: ITEM | B65: ADEQUAÇÃO DA SALA DE VIDEOMONITORAMENTO (CCI) - ESPECIF. TEC. - ANEXO XI | C65: UNIDADE | D65: QUANTIDADE OPERATIVA | E65: CUSTO UNITARIO | F65: CUSTO TOTAL | G65: PREÇO TOTAL
A66: COMPOSIÇÃO 19 | B66: SINAPI: 100683 - KIT DE PORTA DE MADEIRA PARA VERNIZ, SEMI-OCA (LEVE OU MÉDIA), PADRÃO MÉDIO, 80X210CM, ESPESSURA DE 3,5CM, ITENS INCLUSOS: DOBRADIÇAS, MONTAGEM E INSTALAÇÃO DE BATENTE, FECHADURA COM EXECUÇÃO DO FURO - FORNECIMENTO E INSTALAÇÃO. AF_12/2019 | C66: UN. | D66: 1 | E66: ='Planilha de Composição'!J212 -> 2167.295 | F66: ='Planilha de Composição'!K212 -> 2167.295 | G66: ='Planilha de Composição'!L212 -> 2744.4457
E67: SEM BDI | F67: SEM BDI | G67: COM BDI 26,63%
A68: ITEM | B68: ADEQUAÇÃO DA REDE ELÉTRICA E REDE ESTRUTURADA DA (CCI) - ESPECIF. TEC. - ANEXO XII | C68: UNIDADE | D68: QUANTIDADE OPERATIVA | E68: CUSTO UNITARIO | F68: CUSTO TOTAL | G68: PREÇO TOTAL
A69: COMPOSIÇÃO 20 | B69: ADEQUAÇÃO DA INFRAESTRUTURA PARA CABEAMENTO DA REDE ELETRICA E DADOS - (CONFORME ESPECIFICAÇÃO TECNICA) - FORNECIMENTO E INSTALAÇÕES | C69: UN. | D69: 1 | E69: ='Planilha de Composição'!J221 -> 560.442 | F69: ='Planilha de Composição'!K221 -> 5604.42 | G69: ='Planilha de Composição'!L221 -> 7096.877
E70: SEM BDI | F70: SEM BDI | G70: COM BDI 26,63%
A71: ITEM | B71: ADEQUAÇÃO DA REDE ELÉTRICA E REDE ESTRUTURADA DA (CCI) - ESPECIF. TEC. - ANEXO XII | C71: UNIDADE | D71: QUANTIDADE OPERATIVA | E71: CUSTO UNITARIO | F71: CUSTO TOTAL | G71: PREÇO TOTAL
A72: COMPOSIÇÃO 21 | B72: ADEQUAÇÃO DA INFRAESTRUTURA DO SISTEMA DE DISTRIBUIÇÃO DE ENERGIA ELETRICA E DE PROTEÇÃO CONTRA SURTOS ELETRICOS - (CONFORME ESPECIFICAÇÃO TECNICA) - FORNECIMENTO E INSTALAÇÕES | C72: UN. | D72: 1 | E72: ='Planilha de Composição'!J240 -> 2625.1032 | F72: ='Planilha de Composição'!K240 -> 2625.1032 | G72: ='Planilha de Composição'!L240 -> 3324.1682
E73: SEM BDI | F73: SEM BDI | G73: COM BDI 26,63%
A74: ITEM | B74: ADEQUAÇÃO DA REDE ELÉTRICA E REDE ESTRUTURADA DA (CCI) - ESPECIF. TEC. - ANEXO XII | C74: UNIDADE | D74: QUANTIDADE OPERATIVA | E74: CUSTO UNITARIO | F74: CUSTO TOTAL | G74: PREÇO TOTAL
A75: COMPOSIÇÃO 22 | B75: PASSAGEM DE CABOS PELOS ELETRODUTOS E CALHAS - (CONFORME ESPECIFICAÇÃO TECNICA) - FORNECIMENTO E INSTALAÇÕES | C75: M | D75: 600 | E75: ='Planilha de Composição'!J264 -> 6.5337848 | F75: ='Planilha de Composição'!K264 -> 3920.2709 | G75: ='Planilha de Composição'!L264 -> 4964.239
E76: SEM BDI | F76: SEM BDI | G76: COM BDI 26,63%
A77: ITEM | B77: ADEQUAÇÃO DA REDE ELÉTRICA E REDE ESTRUTURADA DA (CCI) - ESPECIF. TEC. - ANEXO XII | C77: UNIDADE | D77: QUANTIDADE OPERATIVA | E77: CUSTO UNITARIO | F77: CUSTO TOTAL | G77: PREÇO TOTAL
A78: COMPOSIÇÃO 23 | B78: FIXAÇÃO E INTERCONEXÃO DO QUADRO DE DISTRIBUIÇÕES DAS TOMADAS, LUMINÁRIAS E INTERRUPTOR (CONFORME ESPECIFICACÃO TÉCNICA) - FORNECIMENTO E INSTALAÇÕES | C78: UN. | D78: 15 | E78: ='Planilha de Composição'!J286 -> 192.10614 | F78: ='Planilha de Composição'!K286 -> 2881.5922 | G78: ='Planilha de Composição'!L286 -> 3464.9542
E79: SEM BDI | F79: SEM BDI | G79: COM BDI 26,63%
A80: ITEM | B80: ALUGUEL DE BANHEIRO QUÍMICO COM LIMPEZA,ENTREGA,RETIRADA E MOVIMENTAÇÃO POR CARRETINHA | C80: UNIDADE | D80: QUANTIDADE OPERATIVA | E80: CUSTO UNITARIO | F80: CUSTO TOTAL | G80: PREÇO TOTAL
A81: COMPOSIÇÃO 24 | B81: ALUGUEL DE BANHEIRO QUÍMICO COM LIMPEZA,ENTREGA,RETIRADA E MOVIMENTAÇÃO POR CARRETINHA | C81: UN. | D81: 12 | E81: ='Planilha de Composição'!J313 -> 1637.05 | F81: ='Planilha de Composição'!K313 -> 19644.6 | G81: ='Planilha de Composição'!L313 -> 24875.957
E82: SEM BDI | F82: SEM BDI | G82: COM BDI 26,63%
A83: ITEM | B83: SINALIZAÇÃO DURANTE OBRAS | C83: UNIDADE | D83: QUANTIDADE OPERATIVA | E83: CUSTO UNITARIO | F83: CUSTO TOTAL | G83: PREÇO TOTAL
A84: COMPOSIÇÃO 25 | B84: SINALIZAÇÃO DURANTE OBRAS | C84: UN. | D84: 20 | E84: ='Planilha de Composição'!J318 -> 161.732 | F84: ='Planilha de Composição'!K318 -> 3234.64 | G84: ='Planilha de Composição'!L318 -> 1623.9538
F85: SEM BDI | G85: COM BDI 26,63%
F86: CUSTO TOTAL | G86: PREÇO TOTAL
C87: TOTAL COM INFRAESTRUTURA DE CFTV (OBRA) | F87: =F36+F39+F42+F45+F48+F51+F54+F57+F60+F63+F66+F69+F72+F75+F78+F81+F84 -> 188395.69 | G87: =G36+G39+G42+G45+G48+G51+G54+G57+G60+G63+G66+G69+G72+G75+G78+G81+G84 -> 235909.38
F88: SEM BDI | G88: COM BDI 26,63%
F89: CUSTO TOTAL | G89: PREÇO TOTAL
C90: TOTAL GERAL (TI)+ (OBRAS C BDI) | F90: =F31+F87 -> 2013680.3 | G90: =G31+G87 -> 2547071.4

Sheet Planilha de Composição
E1: Objeto: Contratação de empresa especializada para o fornecimento de equipamentos, materiais e softwares, instalação, configuração, ativação, manutenção, suporte técnico e transferência de tecnologia de sistema de videomonitoramento, incluindo infraestrutura de rede lógica e elétrica, integração com plataformas cortéx, de análise e armazenamento de imagens, e demais procedimentos conforme projeto técnico e termo de referência, visando o fortalecimento da guarda civil municipal de corumbá por meio da ampliação do sistema de videomonitoramento.
A2: PLANILHA DE COMPOSIÇÃO - VIDEOMONITORAMENTO - CORUMBÁ - MS
A3: INFRAESTRUTURA DE TI (CFTV)
H4: SEM BDI | I4: SEM BDI | J4: SEM BDI | K4: SEM BDI | L4: COM BDI 26,63%
A5: ITEM | B5: FONTE | C5: CÓDIGO | D5: SOFTWARE DE VIDEOMONITORAMENTO E ANALITICOS (CCI) - ESPECIF. TEC. - ANEXO I | E5: UNIDADE | F5: COEFIC. | G5: QUANTIDADE OPERATIVA | H5: ORC. 1 | I5: ORC. 2 | J5: CUSTO UNITARIO | K5: CUSTO TOTAL | L5: PREÇO TOTAL
A6: COMPOSIÇÃO 1 | D6: FORNECIMENTO,INSTALAÇÃO,CONFIGURAÇÃO, TREINAMENTO E SUPORTE TECNICO DE 36 MESES - LINCENÇAS BASE (VMS) PARA 28 CÂMERAS / LICENÇA ANALITICO E RECONHECIMENTO FACIAL PARA 20 CÂMERA SPEED DOME - 20 LICENÇAS / LICENÇA LPR PARA CÂMERA FIXA - 8 LICENÇAS | E6: UN. | G6: 28 | J6: =K6/28 -> 3676.4629 | K6: =SUM(K7:K10) -> 102940.96 | L6: =SUM(L7:L10) -> 130354.14
A7: 1.1 | B7: COTAÇÃO | C7: N/D | D7: FORNECIMENTO,INSTALAÇÃO E CONFIGURAÇÃO DE SOFTWARE GESTÃO (VMS) COM LICENÇA POR CÂMERA (VER DESCRIÇÃO COMPLETA CONTIDA NO TERMO DE REFERENCIA) | E7: UN. | F7: 1 | G7: 28 | H7: 2601.41 | J7: =AVERAGE(H7:I7) -> 2601.41 | K7: =G7*J7*F7 -> 72839.48 | L7: =K7*1.2663 -> 92236.634
A8: 1.2 | B8: COTAÇÃO | C8: N/D | D8: FORNECIMENTO,INSTALAÇÃO E CONFIGURAÇÃO DE SOFTWARE GESTÃO ANALITICO COM LICENÇA POR CÂMERA - CÂMERA SPEED DOME IP - (DESCRIÇÃO COMPLETA CONTIDA NO TERMO DE REFERENCIA) | E8: UN. | F8: 1 | G8: 20 | H8: 455.09 | J8: =AVERAGE(H8:I8) -> 455.09 | K8: =G8*J8*F8 -> 9101.8 | L8: =K8*1.2663 -> 11525.609
A9: 1.3 | B9: COTAÇÃO | C9: N/D | D9: FORNECIMENTO,INSTALAÇÃO E CONFIGURAÇÃO DE SOFTWARE GESTÃO ANALITICO OCR/LPR POR CÂMERA - CÂMERA BOLLET FIXA IP (CONFORME DESCRIÇÃO COMPLETA CONTIDA NO TERMO DE REFERENCIA) | E9: UN. | F9: 1 | G9: 8 | H9: 2146.31 | J9: =AVERAGE(H9:I9) -> 2146.31 | K9: =G9*J9*F9 -> 17170.48 | L9: =K9*1.2663 -> 21742.979
A10: 1.4 | B10: SINAPI - 03/2026 | C10: 88266 | D10: TRANSFERENCIA DE TECNOLOGIA - TREINAMENTO DE EQUIPE PARA USO DE SOFTWARE E SUAS FUNCIONALIDADES | E10: H | F10: 1 | G10: 120 | J10: 31.91 | K10: =G10*J10*F10 -> 3829.2 | L10: =K10*1.2663 -> 4848.916
H11: SEM BDI | I11: SEM BDI | J11: SEM BDI | K11: SEM BDI | L11: COM BDI 26,63%
A12: ITEM | B12: FONTE | C12: CÓDIGO | D12: EQUIPAMENTO E MATERIAIS PARA SISTEMA DE VIDEOWALL -(CCI) - ESPECIF. TEC. - ANEXO II | E12: UNIDADE | F12: COEFIC. | G12: QUANTIDADE OPERATIVA | H12: ORC. 1 | I12: ORC. 2 | J12: CUSTO UNITARIO | K12: CUSTO TOTAL | L12: PREÇO TOTAL
A13: COMPOSIÇÃO 2 | D13: SUPORTES E COMPONENTES PARA MONITOR DE VIDEOWALL / MONITORES PARA VIDDEOWALL LCD LED 55"/ CONTROLADORA DE VIDEOWALL / CABO HDMI / COM FORNECIMENTO, INSTALAÇÃO, CONFIGURAÇÃO E AJUSTES | E13: UN. | G13: 6 | J13: =K13/6 -> 30369.23 | K13: =SUM(K14:K19) -> 182215.38 | L13: =SUM(L14:L19) -> 230543.41
A14: 2.1 | B14: COTAÇÃO | C14: N/D | D14: MONITOR PARA VIDEOWALL 55" (DESCRIÇÃO COMPLETA CONTIDA NO TERMO DE REFERENCIA) | E14: UN. | F14: 1 | G14: 6 | H14: 21931.2 | J14: =AVERAGE(H14:I14) -> 21931.2 | K14: =G14*J14*F14 -> 131587.2 | L14: =K14*1.2663 -> 166628.87
A15: 2.2 | B15: COTAÇÃO | C15: N/D | D15: CONTROLADORA DE VIDEOWALL (DESCRIÇÃO COMPLETA CONTIDA NO TERMO DE REFERENCIA) | E15: UN. | F15: 1 | G15: 1 | H15: 19076.8 | J15: =AVERAGE(H15:I15) -> 19076.8 | K15: =G15*J15*F15 -> 19076.8 | L15: =K15*1.2663 -> 24156.952
A16: 2.3 | B16: COTAÇÃO | C16: N/D | D16: SUPORTES E COMPONENTES PARA MONITOR DE VIDEOWALL (DESCRIÇÃO COMPLETA CONTIDA NO TERMO DE REFERENCIA) | E16: UN. | F16: 1 | G16: 6 | H16: 3320.07 | J16: =AVERAGE(H16:I16) -> 3320.07 | K16: =G16*J16*F16 -> 19920.42 | L16: =K16*1.2663 -> 25225.228
A17: 2.4 | B17: COTAÇÃO | C17: N/D | D17: CABO HDMI 10M (DESCRIÇÃO COMPLETA CONTIDA NO TERMO DE REFERENCIA) | E17: UN. | F17: 1 | G17: 6 | H17: 66.44 | J17: =AVERAGE(H17:I17) -> 66.44 | K17: =G17*J17*F17 -> 398.64 | L17: =K17*1.2663 -> 504.79783
A18: 2.5 | B18: SINAPI - 03/2026 | C18: 88266 | D18: ELETROTECNICO COM ENCARGOS COMPLEMENTARES (SERVIÇO MONTAGEM, INSTALAÇÃO E CONFIGURAÇÃO SISTEMA DE VIDEOWALL) | E18: H | F18: 1 | G18: 252 | J18: 31.91 | K18: =G18*J18*F18 -> 8041.32 | L18: =K18*1.2663 -> 10182.724
A19: 2.6 | B19: SINAPI - 03/2026 | C19: 88266 | D19: ELETROTECNICO COM ENCARGOS COMPLEMENTARES (TRANSFERENCIA DE TECNOLOGIA - TREINAMENTO DE EQUIPE PARA USO DO SISTEMA DE VIDEOWALL) | E19: H | F19: 1 | G19: 100 | J19: 31.91 | K19: =G19*J19*F19 -> 3191 | L19: =K19*1.2049 -> 3844.8359
H20: SEM BDI | I20: SEM BDI | J20: SEM BDI | K20: SEM BDI | L20: COM BDI 26,63%
A21: ITEM | B21: FONTE | C21: CÓDIGO | D21: EQUIPAMENTO E MATERIAIS PARA SISTEMA DE VIDEOMONITORAMENTE (CCI) - ESPECIF. TEC. - ANEXO III | E21: UNIDADE | F21: COEFIC. | G21: QUANTIDADE OPERATIVA | H21: ORC. 1 | I21: ORC. 2 | J21: CUSTO UNITARIO | K21: CUSTO TOTAL | L21: PREÇO TOTAL
A22: COMPOSIÇÃO 3 | D22: SWITCH GIGABIT 24 PORTAS GERENCIAVEL LAYER/ WORKSTATION COM 2 MONITORES, TECLADO E MOUSE/ SERVIDOR DE DADOS DE PROCESSAMENTO E ARMAZENAMENTO DE IMAGENS/ COM FORNECIMENTO E INSTALAÇÃO | E22: UN. | G22: 4 | J22: =K22/4 -> 64948.825 | K22: =SUM(K23:K32) -> 259795.3 | L22: =SUM(L23:L32) -> 328978.79
A23: 3.1 | B23: COTAÇÃO | C23: N/D | D23: WORKSTATION (CONFORME DESCRIÇÃO COMPLETA CONTIDA NO TERMO DE REFERENCIA) | E23: UN. | F23: 1 | G23: 4 | H23: 19551.02 | J23: =AVERAGE(H23:I23) -> 19551.02 | K23: =G23*J23*F23 -> 78204.08 | L23: =K23*1.2663 -> 99029.827
A24: 3.2 | B24: COTAÇÃO | C24: N/D | D24: MONITOR DE 27" PARA WORKSTATION (CONFORME DESCRIÇÃO COMPLETA CONTIDA NO TERMO DE REFERENCIA) | E24: UN. | F24: 1 | G24: 8 | H24: 1837.25 | J24: =AVERAGE(H24:I24) -> 1837.25 | K24: =G24*J24*F24 -> 14698 | L24: =K24*1.2663 -> 18612.077
A25: 3.3 | B25: COTAÇÃO | C25: N/D | D25: SWITCH GIGABIT 24 PORTAS GERENCIAVEL LAYER (CONFORME DESCRIÇÃO COMPLETA CONTIDA NO TERMO DE REFERENCIA) | E25: UN. | F25: 1 | G25: 1 | H25: 2187.52 | J25: =AVERAGE(H25:I25) -> 2187.52 | K25: =G25*J25*F25 -> 2187.52 | L25: =K25*1.2663 -> 2770.0566
A26: 3.4 | B26: COTAÇÃO | C26: N/D | D26: MESA CONTROLADORA (CONFORME DESCRIÇÃO COMPLETA CONTIDA NO TERMO DE REFERENCIA) | E26: UN. | F26: 1 | G26: 4 | H26: 2896 | J26: =AVERAGE(H26:I26) -> 2896 | K26: =G26*J26*F26 -> 11584 | L26: =K26*1.2663 -> 14668.819
A27: 3.5 | B27: COTAÇÃO | C27: N/D | D27: SERVIDOR DE DADOS DE PROCESSAMENTO E ARMAZENAMENTO DE IMAGENS (CONFORME DESCRIÇÃO COMPLETA CONTIDA NO TERMO DE REFERENCIA) | E27: UN. | F27: 1 | G27: 2 | H27: 40969.6 | J27: =AVERAGE(H27:I27) -> 40969.6 | K27: =G27*J27*F27 -> 81939.2 | L27: =K27*1.2663 -> 103759.61
A28: 3.6 | B28: COTAÇÃO | C28: N/D | D28: HD DE 10TB PARA SERVIDOR DE DADOS DE PROCESSAMENTO E ARMAZENAMENTO DE IMAGENS (CONFORME DESCRIÇÃO COMPLETA CONTIDA NO TERMO DE REFERENCIA) | E28: UN. | F28: 1 | G28: 12 | H28: 4400 | J28: =AVERAGE(H28:I28) -> 4400 | K28: =G28*J28*F28 -> 52800 | L28: =K28*1.2663 -> 66860.64
A29: 3.7 | B29: SINAPI - 03/2026 | C29: 39599 | D29: CABO DE REDE CAT 6 (CONFORME DESCRIÇÃO COMPLETA CONTIDA NO TERMO DE REFERENCIA) | E29: UN. | F29: 1 | G29: 800 | J29: 9.92 | K29: =G29*J29*F29 -> 7936 | L29: =K29*1.2663 -> 10049.357
A30: 3.8 | B30: COTAÇÃO | C30: N/D | D30: CONECTOR MACHO RJ45 CAT 6 (CONFORME DESCRIÇÃO COMPLETA CONTIDA NO TERMO DE REFERENCIA) | E30: UN. | F30: 1 | G30: 100 | H30: 8.9 | J30: =AVERAGE(H30:I30) -> 8.9 | K30: =G30*J30*F30 -> 890 | L30: =K30*1.2663 -> 1127.007
A31: 3.9 | B31: SINAPI - 03/2026 | C31: 39606 | D31: PATCH CORD 1,5 MTS (CABO DE REDE) - (CONFORME DESCRIÇÃO COMPLETA CONTIDA NO TERMO DE REFERENCIA) | E31: UN. | F31: 1 | G31: 30 | J31: 31.36 | K31: =G31*J31*F31 -> 940.8 | L31: =K31*1.2663 -> 1191.335
A32: 3.10 | B32: SINAPI - 03/2026 | C32: 88266 | D32: ELETROTECNICO COM ENCARGOS COMPLEMENTARES (SERVIÇO MONTAGEM, INSTALAÇÃO E CONFIGURAÇÃO DOS EQUIPAMENTOS DA COMPOSIÇÃO 3 (CCI)) | E32: H | F32: 1 | G32: 270 | J32: 31.91 | K32: =G32*J32*F32 -> 8615.7 | L32: =K32*1.2663 -> 10910.061
H33: SEM BDI | I33: SEM BDI | J33: SEM BDI | K33: SEM BDI | L33: COM BDI 26,63%
A34: ITEM | B34: FONTE | C34: CÓDIGO | D34: EQUIPAMENTO E MATERIAIS PARA SISTEMA DE VIDEOMONITORAMENTE (CCI) - ESPECIF. TEC. - ANEXO III | E34: UNIDADE | F34: COEFIC. | G34: QUANTIDADE OPERATIVA | H34: ORC. 1 | I34: ORC. 2 | J34: CUSTO UNITARIO | K34: CUSTO TOTAL | L34: PREÇO TOTAL
A35: COMPOSIÇÃO 4 | D35: NOBREAK 10KVA / RACK COMPLETO 44U/ COM FORNECIMENTO E INSTALAÇÃO | E35: UN. | G35: 1 | J35: =K35/1 -> 29186.73 | K35: =SUM(K36:K38) -> 29186.73 | L35: =SUM(L36:L38) -> 36959.156
A36: 4.1 | B36: COTAÇÃO | C36: N/D | D36: RACK COMPLETO 44U (CONFORME ESPECIFICAÇÃO TÉCNICA) | E36: UN. | F36: 1 | G36: 1 | H36: 4538.13 | J36: =AVERAGE(H36:I36) -> 4538.13 | K36: =G36*J36*F36 -> 4538.13 | L36: =K36*1.2663 -> 5746.634
A37: 4.2 | B37: COTAÇÃO | C37: N/D | D37: NOBREAK 10KVA (CONFORME ESPECIFICAÇÃO TÉCNICA) | E37: UN. | F37: 1 | G37: 1 | H37: 24329.5 | J37: =AVERAGE(H37:I37) -> 24329.5 | K37: =G37*J37*F37 -> 24329.5 | L37: =K37*1.2663 -> 30808.446
A38: 4.3 | B38: SINAPI - 03/2026 | C38: 88266 | D38: ELETROTECNICO COM ENCARGOS COMPLEMENTARES | E38: H | F38: 1 | G38: 10 | J38: 31.91 | K38: =G38*J38*F38 -> 319.1 | L38: =K38*1.2663 -> 404.07633
H39: SEM BDI | I39: SEM BDI | J39: SEM BDI | K39: SEM BDI | L39: COM BDI 26,63%
A40: ITEM | B40: FONTE | C40: CÓDIGO | D40: MOBILIÁRIO TÉCNICO (CCI) - ESPECIF. TEC. - ANEXO IV | E40: UNIDADE | F40: COEFIC. | G40: QUANTIDADE OPERATIVA | H40: ORC. 1 | I40: ORC. 2 | J40: CUSTO UNITARIO | K40: CUSTO TOTAL | L40: PREÇO TOTAL
A41: COMPOSIÇÃO 5 | D41: MESA TÉCNICA 04 LUGARES / COM FORNECIMENTO E MONTAGEM | E41: UN. | G41: 1 | J41: =K41/1 -> 46338.54 | K41: =SUM(K42:K43) -> 46338.54 | L41: =SUM(L42:L43) -> 58678.493
A42: 5.1 | B42: COTAÇÃO | C42: N/D | D42: MESA TÉCNICA 04 LUGARES - FRETE (CONFORME ESPECIFICAÇÃO TÉCNICA) | E42: UN. | F42: 1 | G42: 1 | H42: 44337.03 | J42: =AVERAGE(H42:I42) -> 44337.03 | K42: =G42*J42*F42 -> 44337.03 | L42: =K42*1.2663 -> 56143.981
A43: 5.2 | B43: SINAPI - 03/2026 | C43: 88273 | D43: MARCENEIRO COM ENCARGOS COMPLEMENTARES (SERVIÇO DE MONTAGEM) | E43: H | F43: 1 | G43: 81 | J43: 24.71 | K43: =G43*J43*F43 -> 2001.51 | L43: =K43*1.2663 -> 2534.5121
H44: SEM BDI | I44: SEM BDI | J44: SEM BDI | K44: SEM BDI | L44: COM BDI 26,63%
A45: ITEM | B45: FONTE | C45: CÓDIGO | D45: MOBILIÁRIO TÉCNICO (CCI) - ESPECIF. TEC. - ANEXO IV | E45: UNIDADE | F45: COEFIC. | G45: QUANTIDADE OPERATIVA | H45: ORC. 1 | I45: ORC. 2 | J45: CUSTO UNITARIO | K45: CUSTO TOTAL | L45: PREÇO TOTAL
A46: COMPOSIÇÃO 6 | D46: CADEIRA TÉCNICA ERGONOMICA/FORNECIMENTO | E46: UN. | G46: 4 | J46: =K46/4 -> 2031.45 | K46: =SUM(K47) -> 8125.8 | L46: =SUM(L47) -> 10289.701
A47: 6.1 | B47: COTAÇÃO | C47: N/D | D47: CADEIRA TÉCNICA ERGONOMICA (CONFORME ESPECIFICAÇÃO TÉCNICA) | E47: UN. | F47: 1 | G47: 4 | H47: 2031.45 | J47: =AVERAGE(H47:I47) -> 2031.45 | K47: =G47*J47*F47 -> 8125.8 | L47: =K47*1.2663 -> 10289.701
H48: SEM BDI | I48: SEM BDI | J48: SEM BDI | K48: SEM BDI | L48: COM BDI 26,63%
A49: ITEM | B49: FONTE | C49: CÓDIGO | D49: EQUIPAMENTO E MATERIAIS PARA SISTEMA DE VIDEOMONITORAMENTE (PONTO EXTERNO) - ESPECIF. TEC. - ANEXO V | E49: UNIDADE | F49: COEFIC. | G49: QUANTIDADE OPERATIVA | H49: ORC. 1 | I49: ORC. 2 | J49: CUSTO UNITARIO | K49: CUSTO TOTAL | L49: PREÇO TOTAL
A50: COMPOSIÇÃO 7 | D50: CÂMERA SPEED DOME PTZ IP, CÂMERA IP FIXA, CAIXA OUTDOOR PORTA EQUIPAMENTOS, NOBREAK 700VA, SWITCH 8 PORTAS (CONFORME ESPECIFICAÇÃO TÉCNICA) - FORNECIMENTO, INSTALAÇÃO E CONFIGURAÇÃO | E50: UN. | G50: 28 | J50: =K50/28 -> 21907.943 | K50: =SUM(K51:K57) -> 613422.4 | L50: =SUM(L51:L57) -> 776776.79
A51: 7.1 | B51: SINAPI - 03/2026 | C51: 39607 | D51: PATCH CORD 2,5 MTS (CABO DE REDE) - (CONFORME DESCRIÇÃO COMPLETA CONTIDA NO TERMO DE REFERENCIA) | E51: UN. | F51: 1 | G51: 30 | J51: 42.42 | K51: =G51*J51*F51 -> 1272.6 | L51: =K51*1.2663 -> 1611.4934
A52: 7.2 | B52: COTAÇÃO | C52: N/D | D52: CAIXA OUTDOOR PORTA EQUIPAMENTOS (CONFORME ESPECIFICAÇÃO TÉCNICA) | E52: UN. | F52: 1 | G52: 20 | H52: 3319.15 | J52: =AVERAGE(H52:I52) -> 3319.15 | K52: =G52*J52*F52 -> 66383 | L52: =K52*1.2663 -> 84060.793
A53: 7.3 | B53: COTAÇÃO | C53: N/D | D53: CÂMERA FIXA LPR (CONFORME ESPECIFICAÇÃO TÉCNICA) | E53: UN. | F53: 1 | G53: 8 | H53: 8800 | J53: =AVERAGE(H53:I53) -> 8800 | K53: =G53*J53*F53 -> 70400 | L53: =K53*1.2663 -> 89147.52
A54: 7.4 | B54: COTAÇÃO | C54: N/D | D54: CÂMERA SPEED DOME PTZ IP (CONFORME ESPECIFICAÇÃO TÉCNICA) | E54: UN. | F54: 1 | G54: 20 | H54: 20687.5 | J54: =AVERAGE(H54:I54) -> 20687.5 | K54: =G54*J54*F54 -> 413750 | L54: =K54*1.2663 -> 523931.62
A55: 7.5 | B55: COTAÇÃO | C55: N/D | D55: NOBREAK 700VA (CONFORME ESPECIFICAÇÃO TÉCNICA) | E55: UN. | F55: 1 | G55: 20 | H55: 508.32 | J55: =AVERAGE(H55:I55) -> 508.32 | K55: =G55*J55*F55 -> 10166.4 | L55: =K55*1.2663 -> 12873.712
A56: 7.6 | B56: COTAÇÃO | C56: N/D | D56: SWITCH GERENCIAVEL 8 PORTAS POE (CONFORME ESPECIFICAÇÃO TÉCNICA) | E56: UN. | F56: 1 | G56: 20 | H56: 1328.03 | J56: =AVERAGE(H56:I56) -> 1328.03 | K56: =G56*J56*F56 -> 26560.6 | L56: =K56*1.2663 -> 33633.688
A57: 7.7 | B57: SINAPI - 03/2026 | C57: 88266 | D57: ELETROTECNICO COM ENCARGOS COMPLEMENTARES (SERVIÇO MONTAGEM, INSTALAÇÃO E CONFIGURAÇÃO DOS EQUIPAMENTOS DA COMPOSIÇÃO 7) | E57: H | F57: 1 | G57: 780 | J57: 31.91 | K57: =G57*J57*F57 -> 24889.8 | L57: =K57*1.2663 -> 31517.954
H58: SEM BDI | I58: SEM BDI | J58: SEM BDI | K58: SEM BDI | L58: COM BDI 26,63%
A59: ITEM | B59: FONTE | C59: CÓDIGO | D59: REDE DE FIBRA ÓPTICA (EXTERNO) - ESPECIF. TEC. - ANEXO VI | E59: UNIDADE | F59: COEFIC. | G59: QUANTIDADE OPERATIVA | H59: ORC. 1 | I59: ORC. 2 | J59: CUSTO UNITARIO | K59: CUSTO TOTAL | L59: PREÇO TOTAL
A60: COMPOSIÇÃO 8 | D60: REDE DE FIBRA ÓPTICA AUTOSUSTENTÁVEL - FORNECIMENTO, INSTALAÇÃO E CONFIGURAÇÃO | E60: M | G60: 40000 | J60: =K60/40000 -> 14.581488 | K60: =SUM(K61:K84) -> 583259.52 | L60: =SUM(L61:L84) -> 738581.53
A61: 8.1 | B61: COTAÇÃO | C61: N/D | D61: CABO DE FIBRA ÓPTICA (CONFORME DESCRIÇÃO COMPLETA CONTIDA NO TERMO DE REFERENCIA) | E61: M | F61: 1 | G61: 40000 | H61: 4.53 | J61: =AVERAGE(H61:I61) -> 4.53 | K61: =G61*J61*F61 -> 181200 | L61: =K61*1.2663 -> 229453.56
A62: 8.2 | B62: COTAÇÃO | C62: N/D | D62: DIO 12FO COMPLETO (CONFORME DESCRIÇÃO COMPLETA CONTIDA NO TERMO DE REFERENCIA) | E62: UN. | F62: 1 | G62: 23 | H62: 2259.92 | J62: =AVERAGE(H62:I62) -> 2259.92 | K62: =G62*J62*F62 -> 51978.16 | L62: =K62*1.2663 -> 65819.944
A63: 8.3 | B63: SINAPI - 03/2026 | C63: 12362 | D63: PORCA OLHAL EM ACO GALVANIZADO, ESPESSURA 16MM, ABERTURA 21MM | E63: UN. | F63: 1 | G63: 1350 | J63: 25.68 | K63: =G63*J63*F63 -> 34668 | L63: =K63*1.2663 -> 43900.088
A64: 8.4 | B64: COTAÇÃO | C64: N/D | D64: SUPORTE DIELETRICO PARA CABOS OTICOS | E64: UN. | F64: 1 | G64: 1350 | H64: 13.94 | J64: =AVERAGE(H64:I64) -> 13.94 | K64: =G64*J64*F64 -> 18819 | L64: =K64*1.2663 -> 23830.5
A65: 8.5 | B65: COTAÇÃO | C65: N/D | D65: ABRAÇADEIRA BAP 3 (CONFORME DESCRIÇÃO COMPLETA CONTIDA NO TERMO DE REFERENCIA) | E65: UN. | F65: 1 | G65: 40 | H65: 16.82 | J65: =AVERAGE(H65:I65) -> 16.82 | K65: =G65*J65*F65 -> 672.8 | L65: =K65*1.2663 -> 851.96664
A66: 8.6 | B66: SINAPI - 03/2026 | C66: 11274 | D66: ALÇA PREFORMADA (CONFORME DESCRIÇÃO COMPLETA CONTIDA NO TERMO DE REFERENCIA) | E66: UN. | F66: 1 | G66: 1350 | J66: 3.48 | K66: =G66*J66*F66 -> 4698 | L66: =K66*1.2663 -> 5949.0774
A67: 8.7 | B67: COTAÇÃO | C67: N/D | D67: SUPORTE CRUZETA (CONFORME DESCRIÇÃO COMPLETA CONTIDA NO TERMO DE REFERENCIA) | E67: UN. | F67: 1 | G67: 200 | H67: 46.74 | J67: =AVERAGE(H67:I67) -> 46.74 | K67: =G67*J67*F67 -> 9348 | L67: =K67*1.2663 -> 11837.372
A68: 8.8 | B68: COTAÇÃO | C68: N/D | D68: CAIXA DE EMENDA OPTICA (CONFORME DESCRIÇÃO COMPLETA CONTIDA NO TERMO DE REFERENCIA) | E68: UN. | F68: 1 | G68: 20 | H68: 303.84 | J68: =AVERAGE(H68:I68) -> 303.84 | K68: =G68*J68*F68 -> 6076.8 | L68: =K68*1.2663 -> 7695.0518
A69: 8.9 | B69: COTAÇÃO | C69: N/D | D69: DIVISOR OPTICO PASSIVO BALANCEADO 1:8(CONFORME DESCRIÇÃO COMPLETA CONTIDA NO TERMO DE REFERENCI | E69: UN. | F69: 1 | G69: 5 | H69: 389.65 | J69: =AVERAGE(H69:I69) -> 389.65 | K69: =G69*J69*F69 -> 1948.25 | L69: =K69*1.2663 -> 2467.069
A70: 8.10 | B70: COTAÇÃO | C70: N/D | D70: EXTENSAO MONOFIBRA CONECTORIZADA SM BLI G-657A2 SC-APC 1.5m COM ADAPTADOR | E70: UN. | F70: 1 | G70: 63 | H70: 120.99 | J70: =AVERAGE(H70:I70) -> 120.99 | K70: =G70*J70*F70 -> 7622.37 | L70: =K70*1.2663 -> 9652.2071
A71: 8.11 | B71: COTAÇÃO | C71: N/D | D71: CORDÃO MONOFIBRA CONECTORIZADO SM BLI G-657A2 SC-APC/SC-APC 1.5M | E71: UN. | F71: 1 | G71: 43 | H71: 228.56 | J71: =AVERAGE(H71:I71) -> 228.56 | K71: =G71*J71*F71 -> 9828.08 | L71: =K71*1.2663 -> 12445.298
A72: 8.12 | B72: COTAÇÃO | C72: N/D | D72: CORDÃO OPTICO SC-UPC/SC-APC (CONFORME DESCRIÇÃO COMPLETA CONTIDA NO TERMO DE REFERENCIA) | E72: UN. | F72: 1 | G72: 1 | H72: 76.64 | J72: =AVERAGE(H72:I72) -> 76.64 | K72: =G72*J72*F72 -> 76.64 | L72: =K72*1.2663 -> 97.049232
A73: 8.13 | B73: COTAÇÃO | C73: N/D | D73: CORDÃO OPTICO SC-APC/SC-APC (CONFORME DESCRIÇÃO COMPLETA CONTIDA NO TERMO DE REFERENCIA) | E73: UN. | F73: 1 | G73: 5 | H73: 279.17 | J73: =AVERAGE(H73:I73) -> 279.17 | K73: =G73*J73*F73 -> 1395.85 | L73: =K73*1.2663 -> 1767.5649
A74: 8.14 | B74: COTAÇÃO | C74: N/D | D74: PLAQUETA DE IDENTIFICAÇÃO (CONFORME DESCRIÇÃO COMPLETA CONTIDA NO TERMO DE REFERENCIA) | E74: UN. | F74: 1 | G74: 2000 | H74: 2.46 | J74: =AVERAGE(H74:I74) -> 2.46 | K74: =G74*J74*F74 -> 4920 | L74: =K74*1.2663 -> 6230.196
A75: 8.15 | B75: SINAPI - 03/2026 | C75: 411 | D75: ABRAÇADEIRA DE NYLON (CONFORME DESCRIÇÃO COMPLETA CONTIDA NO TERMO DE REFERENCIA) | E75: UN. | F75: 1 | G75: 8000 | J75: 0.3 | K75: =G75*J75*F75 -> 2400 | L75: =K75*1.2663 -> 3039.12
A76: 8.16 | B76: COTAÇÃO | C76: N/D | D76: CONCENTRADOR DE INTERFACE DE DADOS (OLT) (CONFORME DESCRIÇÃO COMPLETA CONTIDA NO TERMO DE REFERENCIA) | E76: UN. | F76: 1 | G76: 1 | H76: 57079.92 | J76: =AVERAGE(H76:I76) -> 57079.92 | K76: =G76*J76*F76 -> 57079.92 | L76: =K76*1.2663 -> 72280.303
A77: 8.17 | B77: COTAÇÃO | C77: N/D | D77: MÓDULOS GBIC 20 KM (CONFORME DESCRIÇÃO COMPLETA CONTIDA NO TERMO DE REFERENCIA) | E77: UN. | F77: 1 | G77: 10 | H77: 885.6 | J77: =AVERAGE(H77:I77) -> 885.6 | K77: =G77*J77*F77 -> 8856 | L77: =K77*1.2663 -> 11214.353
A78: 8.18 | B78: COTAÇÃO | C78: N/D | D78: CONVERSOR DE MIDIA FIBRA/ETHERNET - 20KM (CONFORME DESCRIÇÃO COMPLETA CONTIDA NO TERMO DE REFERENCIA) | E78: UN. | F78: 1 | G78: 20 | H78: 3028.66 | J78: =AVERAGE(H78:I78) -> 3028.66 | K78: =G78*J78*F78 -> 60573.2 | L78: =K78*1.2663 -> 76703.843
A79: 8.19 | B79: SINAPI - 03/2026 | C79: 88266 | D79: ELETROTECNICO COM ENCARGOS COMPLEMENTARES (SERVIÇO DE CONFIGURAÇÃO DE OLT DE FIBRA OPTICA) | E79: H | F79: 1 | G79: 105 | J79: 31.91 | K79: =G79*J79*F79 -> 3350.55 | L79: =K79*1.2663 -> 4242.8015
A80: 8.20 | B80: SINAPI - 03/2026 | C80: 88266 | D80: ELETROTECNICO COM ENCARGOS COMPLEMENTARES (SERVIÇO DE INSTALAÇÃO DE 40KM DE CABO DE FIBRA OPTICA EM POSTES) | E80: H | F80: 1 | G80: 2671 | J80: 31.91 | K80: =G80*J80*F80 -> 85231.61 | L80: =K80*1.2663 -> 107928.79
A81: 8.21 | B81: SINAPI - 03/2026 | C81: 88266 | D81: ELETROTECNICO COM ENCARGOS COMPLEMENTARES (SERVIÇO DE EMENDA POR FUSÃO DE FIBRA OPTICA) | E81: H | F81: 1 | G81: 349 | J81: 31.91 | K81: =G81*J81*F81 -> 11136.59 | L81: =K81*1.2663 -> 14102.264
A82: 8.22 | B82: SINAPI - 03/2026 | C82: 88266 | D82: ELETROTECNICO COM ENCARGOS COMPLEMENTARES (SERVIÇO DE CONFIGURAÇÃO DE ONU DE FIBRA OPTICA) | E82: H | F82: 1 | G82: 140 | J82: 31.91 | K82: =G82*J82*F82 -> 4467.4 | L82: =K82*1.2663 -> 5657.0686
A83: 8.23 | B83: SINAPI - 03/2026 | C83: 88266 | D83: ELETROTECNICO COM ENCARGOS COMPLEMENTARES (SERVIÇO DE INSTALAÇÃO DE CAIXA DE EMENDA) | E83: H | F83: 1 | G83: 280 | J83: 31.91 | K83: =G83*J83*F83 -> 8934.8 | L83: =K83*1.2663 -> 11314.137
A84: 8.24 | B84: SINAPI - 03/2026 | C84: 88266 | D84: ELETROTECNICO COM ENCARGOS COMPLEMENTARES (TRANSFERENCIA DE TECNOLOGIA DA REDE DE FIBRA OPTICA E REDE LOCAL, POR PESSOA. 16 HORAS DE TREINAMENTO) | E84: H | F84: 1 | G84: 250 | J84: 31.91 | K84: =G84*J84*F84 -> 7977.5 | L84: =K84*1.2663 -> 10101.908
K85: SEM BDI | L85: COM BDI 26,63%
K86: CUSTO TOTAL | L86: PREÇO TOTAL
E87: TOTAL COM INFRAESTRUTURA DE TI (CFTV) | K87: =K6+K13+K22+K35+K41+K46+K50+K60 -> 1825284.6 | L87: =L6+L13+L22+L35+L41+L46+L50+L60 -> 2311162
A89: INFRAESTRUTURA DE CFTV (OBRAS)
H90: SEM BDI | I90: SEM BDI | J90: SEM BDI | K90: SEM BDI | L90: COM BDI 26,63%
A91: ITEM | B91: FONTE | C91: CÓDIGO | D91: SISTEMA DE REFRIGERAÇÃO (CCI) - ESPECIF. TEC. - ANEXO VII | E91: UNIDADE | F91: COEFIC. | G91: QUANTIDADE OPERATIVA | H91: ORC. 1 | I91: ORC. 2 | J91: CUSTO UNITARIO | K91: CUSTO TOTAL | L91: PREÇO TOTAL
A92: COMPOSIÇÃO 9 | D92: SINAPI: 103260 - AR CONDICIONADO SPLIT INVERTER, PISO TETO, 24000 BTU/H, QUENTE/FRIO - FORNECIMENTO E INSTALAÇÃO AF_11/2021_PSE | E92: UN. | G92: 2 | J92: =K92/2 -> 5932.1572 | K92: =SUM(K93:K106) -> 11864.314 | L92: =SUM(L93:L106) -> 15023.781
A93: 9.1 | B93: SINAPI - 03/2026 | C93: 39826 | D93: AR CONDICIONADO SPLIT INVERTER,PISO TETO,24000 BTU/H, QUENTE/FRIO,60HZ, CLASSIFICAÇÃO ENERGETICA A - SELO PROCEL, GAS HFC, CONTROLE S/FIO | E93: UN. | F93: 1 | G93: 2 | J93: 5351.34 | K93: =G93*J93*F93 -> 10702.68 | L93: =K93*1.2663 -> 13552.804
A94: 9.2 | B94: SINAPI - 03/2026 | C94: 1570 | D94: TERMINAL A COMPRESSAO EM COBRE ESTANHADO PARA CABO 2,5 MM2,1 FURO E 1 COMPRESSAO, PARAFUSO DE FIXAÇÃO M5 | E94: UN. | F94: 10 | G94: 2 | J94: 1.15 | K94: =G94*J94*F94 -> 23 | L94: =K94*1.2663 -> 29.1249
A95: 9.3 | B95: SINAPI - 03/2026 | C95: 4374 | D95: BUCHA DE NYLON SEM ABA S10 | E95: UN. | F95: 6 | G95: 2 | J95: 0.25 | K95: =G95*J95*F95 -> 3 | L95: =K95*1.2663 -> 3.7989
A96: 9.4 | B96: SINAPI - 03/2026 | C96: 11976 | D96: CHUMBADOR DE AÇO ZINCADO,DIAMENTRO 1/4'' COM PARAFUSO 1/4'' X 40 MM | E96: UN. | F96: 6 | G96: 2 | J96: 1.39 | K96: =G96*J96*F96 -> 16.68 | L96: =K96*1.2663 -> 21.121884
A97: 9.5 | B97: SINAPI - 03/2026 | C97: 13246 | D97: PARAFUSO DE AÇO ZINCADO, SEXTAVADO COM ROSCA INTEIRA, DIAMENTRO 5/16'' COMPRIMENTO 3/4", COM PORCA E ARRUELA LISA LEVE | E97: UN. | F97: 8 | G97: 2 | J97: 0.52 | K97: =G97*J97*F97 -> 8.32 | L97: =K97*1.2663 -> 10.535616
A98: 9.6 | B98: SINAPI - 03/2026 | C98: 13294 | D98: PARAFUSO DE AÇO ZINCADO, SEXTAVADO COM ROSCA SOBERBA, DIAMENTRO 3/8'' COMPRIMENTO 80MM | E98: UN. | F98: 6 | G98: 2 | J98: 1.73 | K98: =G98*J98*F98 -> 20.76 | L98: =K98*1.2663 -> 26.288388
A99: 9.7 | B99: SINAPI - 03/2026 | C99: 13348 | D99: ARRUELA EM AÇO GALVANIZADO, DIAMENTRO EXTERNO 35MM,ESPESSURA 3MM, DIAMETRO DO FURO =18MM | E99: UN. | F99: 6 | G99: 2 | J99: 1.47 | K99: =G99*J99*F99 -> 17.64 | L99: =K99*1.2663 -> 22.337532
A100: 9.8 | B100: SINAPI - 03/2026 | C100: 37591 | D100: SUPORTE MÃO FRANCESA EM AÇO, ABAS = 40CM,CAPACIDADE MINIMA 70KG BRANCA | E100: UN. | F100: 2 | G100: 2 | J100: 20.27 | K100: =G100*J100*F100 -> 81.08 | L100: =K100*1.2663 -> 102.6716
A101: 9.9 | B101: SINAPI - 03/2026 | C101: 39664 | D101: TUBO DE COBRE FLEXIVEL D=3/8'' E=0,79 MM, PARA AR CONDICIONADO, INSTALAÇÕES GAS RESIDENCIAIS E COMERCIAIS | E101: M | F101: 1 | G101: 6 | J101: 32.57 | K101: =G101*J101*F101 -> 195.42 | L101: =K101*1.2663 -> 247.46035
...

Sheet Curva ABC
C1: Objeto: Contratação de empresa especializada para o fornecimento de equipamentos, materiais e softwares, instalação, configuração, ativação, manutenção, suporte técnico e transferência de tecnologia de sistema de videomonitoramento, incluindo infraestrutura de rede lógica e elétrica, integração com plataformas cortéx, de análise e armazenamento de imagens, e demais procedimentos conforme projeto técnico e termo de referência, visando o fortalecimento da guarda civil municipal de corumbá por meio da ampliação do sistema de videomonitoramento.
A3: PARETO DA INFRAESTRUTURA DE TI (CFTV)
A5: ITEM/ CÓD | B5: DESCRIÇÃO | D5: UN | E5: QTDE. | F5: PREÇO UNIT. | G5: VALOR TOTAL | H5: % SIMPLES | I5: % ACUM.
A6: ='Orçamento Sintético'!A25 -> COMPOSIÇÃO 7 | B6: ='Orçamento Sintético'!B25 -> CÂMERA SPEED DOME PTZ IP, CÂMERA IP FIXA, CAIXA OUTDOOR PORTA EQUIPAMENTOS, NOBREAK 700VA, SWITCH 8 PORTAS (CONFORME ESPECIFICAÇÃO TÉCNICA) - FORNECIMENTO, INSTALAÇÃO E CONFIGURAÇÃO | D6: ='Orçamento Sintético'!C25 -> UN. | E6: ='Orçamento Sintético'!D25 -> 28 | F6: ='Orçamento Sintético'!E25*1.2663 -> 27742.028 | G6: ='Orçamento Sintético'!G25 -> 776776.79 | H6: =G6/$G$14 -> 0.33609794 | I6: =H6 -> 0.33609794
A7: ='Orçamento Sintético'!A28 -> COMPOSIÇÃO 8 | B7: ='Orçamento Sintético'!B28 -> REDE DE FIBRA ÓPTICA AUTOSUSTENTÁVEL - FORNECIMENTO, INSTALAÇÃO E CONFIGURAÇÃO | D7: ='Orçamento Sintético'!C28 -> M | E7: ='Orçamento Sintético'!D28 -> 40000 | F7: ='Orçamento Sintético'!E28*1.2663 -> 18.464538 | G7: ='Orçamento Sintético'!G28 -> 738581.53 | H7: =G7/$G$14 -> 0.31957151 | I7: =I6+H7 -> 0.65566945
A8: ='Orçamento Sintético'!A13 -> COMPOSIÇÃO 3 | B8: ='Orçamento Sintético'!B13 -> SWITCH GIGABIT 24 PORTAS GERENCIAVEL LAYER/ WORKSTATION COM 2 MONITORES, TECLADO E MOUSE/ SERVIDOR DE DADOS DE PROCESSAMENTO E ARMAZENAMENTO DE IMAGENS/ COM FORNECIMENTO, INSTALAÇÃO E | D8: ='Orçamento Sintético'!C13 -> UN. | E8: ='Orçamento Sintético'!D13 -> 4 | F8: ='Orçamento Sintético'!E13*1.2663 -> 82244.697 | G8: ='Orçamento Sintético'!G13 -> 328978.79 | H8: =G8/$G$14 -> 0.14234346 | I8: =I7+H8 -> 0.79801291
A9: ='Orçamento Sintético'!A10 -> COMPOSIÇÃO 2 | B9: ='Orçamento Sintético'!B10 -> SUPORTES E COMPONENTES PARA MONITOR DE VIDEOWALL / MONITORES PARA VIDDEOWALL LCD LED 55"/ CONTROLADORA DE VIDEOWALL / CABO HDMI / COM FORNECIMENTO, INSTALAÇÃO, CONFIGURAÇÃO E AJUSTES | D9: ='Orçamento Sintético'!C10 -> UN. | E9: ='Orçamento Sintético'!D10 -> 6 | F9: ='Orçamento Sintético'!E10*1.2663 -> 38456.556 | G9: ='Orçamento Sintético'!G10 -> 230543.41 | H9: =G9/$G$14 -> 0.099752163 | I9: =I8+H9 -> 0.89776507
A10: ='Orçamento Sintético'!A7 -> COMPOSIÇÃO 1 | B10: ='Orçamento Sintético'!B7 -> FORNECIMENTO,INSTALAÇÃO,CONFIGURAÇÃO, TREINAMENTO E SUPORTE TECNICO DE 36 MESES - LINCENÇAS BASE (VMS) PARA 28 CÂMERAS / LICENÇA ANALITICO E RECONHECIMENTO FACIAL PARA 20 CÂMERA SPEED DOME - 20 LICENÇAS / LICENÇA LPR PARA CÂMERA FIXA - 8 LICENÇAS | D10: ='Orçamento Sintético'!C7 -> UN. | E10: ='Orçamento Sintético'!D7 -> 28 | F10: ='Orçamento Sintético'!E7*1.2663 -> 4655.5049 | G10: ='Orçamento Sintético'!G7 -> 130354.14 | H10: =G10/$G$14 -> 0.056401991 | I10: =I9+H10 -> 0.95416706
A11: ='Orçamento Sintético'!A19 -> COMPOSIÇÃO 5 | B11: ='Orçamento Sintético'!B19 -> MESA TÉCNICA 04 LUGARES / COM FORNECIMENTO E MONTAGEM | D11: ='Orçamento Sintético'!C19 -> UN. | E11: ='Orçamento Sintético'!D19 -> 1 | F11: ='Orçamento Sintético'!E19*1.2663 -> 58678.493 | G11: ='Orçamento Sintético'!G19 -> 58678.493 | H11: =G11/$G$14 -> 0.025389174 | I11: =I10+H11 -> 0.97955623
A12: ='Orçamento Sintético'!A16 -> COMPOSIÇÃO 4 | B12: ='Orçamento Sintético'!B16 -> NOBREAK 10KVA / RACK COMPLETO 44U/ COM FORNECIMENTO E INSTALAÇÃO | D12: ='Orçamento Sintético'!C16 -> UN. | E12: ='Orçamento Sintético'!D16 -> 1 | F12: ='Orçamento Sintético'!E16*1.2663 -> 36959.156 | G12: ='Orçamento Sintético'!G16 -> 36959.156 | H12: =G12/$G$14 -> 0.01599159 | I12: =I11+H12 -> 0.99554782
A13: ='Orçamento Sintético'!A22 -> COMPOSIÇÃO 6 | B13: ='Orçamento Sintético'!B22 -> CADEIRA TÉCNICA ERGONOMICA/FORNECIMENTO | D13: ='Orçamento Sintético'!C22 -> UN. | E13: ='Orçamento Sintético'!D22 -> 4 | F13: ='Orçamento Sintético'!E22*1.2663 -> 2572.4251 | G13: ='Orçamento Sintético'!G22 -> 10289.701 | H13: =G13/$G$14 -> 0.0044521762 | I13: =I12+H13 -> 1
G14: =SUM(_xlnm.Criteria) -> 2311162
A15: PARETO DA INFRAESTRUTURA DE CFTV (OBRA)
A17: ITEM/ CÓD | B17: DESCRIÇÃO | D17: UN | E17: QTDE. | F17: PREÇO UNIT. | G17: VALOR TOTAL | H17: % SIMPLES | I17: % ACUM.
A18: ='Orçamento Sintético'!A39 -> COMPOSIÇÃO 10 | B18: ='Orçamento Sintético'!B39 -> SINAPI: 100579 - ASSENTAMENTO DE POSTE DE CONCRETO COM COMPRIMENTO NOMINAL DE 10 M, CARGA NOMINAL MENOR OU IGUAL A 1000 DAN, ENGASTAMENTO SIMPLES COM 1,6M DE SOLO. AF_11/2019 (UN.) | D18: ='Orçamento Sintético'!C39 -> UN. | E18: ='Orçamento Sintético'!D39 -> 20 | F18: ='Orçamento Sintético'!E39*1.2663 -> 2673.9997 | G18: ='Orçamento Sintético'!G39 -> 53479.994 | H18: =G18/$G$35 -> 0.22669719 | I18: =H18 -> 0.22669719
A19: ='Orçamento Sintético'!A60 -> COMPOSIÇÃO 17 | B19: ='Orçamento Sintético'!B60 -> SINAPI: 104723 - PAREDE COM SISTEMA EM CHAPAS DE GESSO PARA DRYWALL, USO INTERNO, COM DUAS FACES DUPLAS E ESTRUTURA METÁLICA COM GUIAS DUPLAS PARA PAREDES COM ÁREA LÍQUIDA MENOR QUE 6 M2, COM VÃOS. AF_07/2023_PS (M2) - (CONFORME ESPECIFICAÇÃO TECNICA) | D19: ='Orçamento Sintético'!C60 -> M2 | E19: ='Orçamento Sintético'!D60 -> 182 | F19: ='Orçamento Sintético'!E60*1.2663 -> 289.68499 | G19: ='Orçamento Sintético'!G60 -> 52722.669 | H19: =G19/$G$35 -> 0.22348695 | I19: =I18+H19 -> 0.45018415
A20: ='Orçamento Sintético'!A51 -> COMPOSIÇÃO 14 | B20: ='Orçamento Sintético'!B51 -> SINAPI: 101489 - ENTRADA DE ENERGIA ELÉTRICA, AÉREA, MONOFÁSICA, COM CAIXA DE SOBREPOR, CABO DE 10 MM2 E DISJUNTOR DIN 50A AF_07/2020_PS COM SISTEMA DE ATERRAMENTO (UN.) | D20: ='Orçamento Sintético'!C51 -> UN. | E20: ='Orçamento Sintético'!D51 -> 20 | F20: ='Orçamento Sintético'!E51*1.2663 -> 2038.3636 | G20: ='Orçamento Sintético'!G51 -> 40767.272 | H20: =G20/$G$35 -> 0.17280903 | I20: =I19+H20 -> 0.62299318
A21: ='Orçamento Sintético'!A81 -> COMPOSIÇÃO 24 | B21: ='Orçamento Sintético'!B81 -> ALUGUEL DE BANHEIRO QUÍMICO COM LIMPEZA,ENTREGA,RETIRADA E MOVIMENTAÇÃO POR CARRETINHA | D21: ='Orçamento Sintético'!C81 -> UN. | E21: ='Orçamento Sintético'!D81 -> 12 | F21: ='Orçamento Sintético'!E81*1.2663 -> 2072.9964 | G21: ='Orçamento Sintético'!G81 -> 24875.957 | H21: =G21/$G$35 -> 0.10544709 | I21: =I20+H21 -> 0.72844027
A22: ='Orçamento Sintético'!A36 -> COMPOSIÇÃO 9 | B22: ='Orçamento Sintético'!B36 -> SINAPI: 103260 - AR CONDICIONADO SPLIT INVERTER, PISO TETO, 24000 BTU/H, QUENTE/FRIO - FORNECIMENTO E INSTALAÇÃO AF_11/2021_PSE | D22: ='Orçamento Sintético'!C36 -> UN. | E22: ='Orçamento Sintético'!D36 -> 2 | F22: ='Orçamento Sintético'!E36*1.25*1.2663 -> 9389.8634 | G22: ='Orçamento Sintético'!G36 -> 15023.781 | H22: =G22/$G$35 -> 0.063684544 | I22: =I21+H22 -> 0.79212481
A23: ='Orçamento Sintético'!A48 -> COMPOSIÇÃO 13 | B23: ='Orçamento Sintético'!B48 -> GUINCHO MANUAL DE CATRACA - FORNECIMENTO DE MATERIAL E MONTAGEM EM POSTE - (CONFORME ESPECIFICAÇÃO TECNICA) | D23: ='Orçamento Sintético'!C48 -> UN. | E23: ='Orçamento Sintético'!D48 -> 20 | F23: ='Orçamento Sintético'!E48*1.2663 -> 602.58215 | G23: ='Orçamento Sintético'!G48 -> 12051.643 | H23: =G23/$G$35 -> 0.0510859 | I23: =I22+H23 -> 0.84321071
A24: ='Orçamento Sintético'!A45 -> COMPOSIÇÃO 12 | B24: ='Orçamento Sintético'!B45 -> SINAPI: 101636 - BRAÇO PERSONALIZADO PARA FIXAÇÃO DE CÂMERAS DE VIDEOMONITORAMENTO, EM TUBO DE AÇO GALVANIZADO, COMPRIMENTO DE 1,50 M, PARA FIXAÇÃO EM POSTE DE CONCRETO COM FORNECIMENTO E INSTALAÇÃO . AF_08/2020 | D24: ='Orçamento Sintético'!C45 -> UN. | E24: ='Orçamento Sintético'!D45 -> 20 | F24: ='Orçamento Sintético'!E45*1.2663 -> 409.34766 | G24: ='Orçamento Sintético'!G45 -> 8186.9533 | H24: =G24/$G$35 -> 0.034703806 | I24: =I23+H24 -> 0.87791452
A25: ='Orçamento Sintético'!A69 -> COMPOSIÇÃO 20 | B25: ='Orçamento Sintético'!B69 -> ADEQUAÇÃO DA INFRAESTRUTURA PARA CABEAMENTO DA REDE ELETRICA E DADOS - (CONFORME ESPECIFICAÇÃO TECNICA) - FORNECIMENTO E INSTALAÇÕES | D25: ='Orçamento Sintético'!C69 -> UN. | E25: ='Orçamento Sintético'!D69 -> 1 | F25: ='Orçamento Sintético'!E69*1.2663 -> 709.6877 | G25: ='Orçamento Sintético'!G69 -> 7096.877 | H25: =G25/$G$35 -> 0.030083064 | I25: =I24+H25 -> 0.90799758
A26: ='Orçamento Sintético'!A75 -> COMPOSIÇÃO 22 | B26: ='Orçamento Sintético'!B75 -> PASSAGEM DE CABOS PELOS ELETRODUTOS E CALHAS - (CONFORME ESPECIFICAÇÃO TECNICA) - FORNECIMENTO E INSTALAÇÕES | D26: ='Orçamento Sintético'!C75 -> M | E26: ='Orçamento Sintético'!D75 -> 600 | F26: ='Orçamento Sintético'!E75*1.2663 -> 8.2737317 | G26: ='Orçamento Sintético'!G75 -> 4964.239 | H26: =G26/$G$35 -> 0.021042991 | I26: =I25+H26 -> 0.92904057
A27: ='Orçamento Sintético'!A78 -> COMPOSIÇÃO 23 | B27: ='Orçamento Sintético'!B78 -> FIXAÇÃO E INTERCONEXÃO DO QUADRO DE DISTRIBUIÇÕES DAS TOMADAS, LUMINÁRIAS E INTERRUPTOR (CONFORME ESPECIFICACÃO TÉCNICA) - FORNECIMENTO E INSTALAÇÕES | D27: ='Orçamento Sintético'!C78 -> UN. | E27: ='Orçamento Sintético'!D78 -> 15 | F27: ='Orçamento Sintético'!E78*1.2663 -> 243.26401 | G27: ='Orçamento Sintético'!G78 -> 3464.9542 | H27: =G27/$G$35 -> 0.014687649 | I27: =I26+H27 -> 0.94372822
A28: ='Orçamento Sintético'!A72 -> COMPOSIÇÃO 21 | B28: ='Orçamento Sintético'!B72 -> ADEQUAÇÃO DA INFRAESTRUTURA DO SISTEMA DE DISTRIBUIÇÃO DE ENERGIA ELETRICA E DE PROTEÇÃO CONTRA SURTOS ELETRICOS - (CONFORME ESPECIFICAÇÃO TECNICA) - FORNECIMENTO E INSTALAÇÕES | D28: ='Orçamento Sintético'!C72 -> UN. | E28: ='Orçamento Sintético'!D72 -> 1 | F28: ='Orçamento Sintético'!E72*1.2663 -> 3324.1682 | G28: ='Orçamento Sintético'!G72 -> 3324.1682 | H28: =G28/$G$35 -> 0.014090869 | I28: =I27+H28 -> 0.95781909
A29: ='Orçamento Sintético'!A63 -> COMPOSIÇÃO 18 | B29: ='Orçamento Sintético'!B63 -> SINAPI: 96114 - FORRO EM DRYWALL, PARA AMBIENTES COMERCIAIS, INCLUSIVE ESTRUTURA BIRECIONAL DE FIXAÇÃO. AF_08/2023_PS (M2) - (CONFORME ESPECIFICAÇÃO TECNICA) | D29: ='Orçamento Sintético'!C63 -> M2 | E29: ='Orçamento Sintético'!D63 -> 29 | F29: ='Orçamento Sintético'!E63*1.2663 -> 96.832416 | G29: ='Orçamento Sintético'!G63 -> 2808.1401 | H29: =G29/$G$35 -> 0.011903469 | I29: =I28+H29 -> 0.96972256
A30: ='Orçamento Sintético'!A66 -> COMPOSIÇÃO 19 | B30: ='Orçamento Sintético'!B66 -> SINAPI: 100683 - KIT DE PORTA DE MADEIRA PARA VERNIZ, SEMI-OCA (LEVE OU MÉDIA), PADRÃO MÉDIO, 80X210CM, ESPESSURA DE 3,5CM, ITENS INCLUSOS: DOBRADIÇAS, MONTAGEM E INSTALAÇÃO DE BATENTE, FECHADURA COM EXECUÇÃO DO FURO - FORNECIMENTO E INSTALAÇÃO. AF_12/2019 | D30: ='Orçamento Sintético'!C66 -> UN. | E30: ='Orçamento Sintético'!D66 -> 1 | F30: ='Orçamento Sintético'!E66*1.2663 -> 2744.4457 | G30: ='Orçamento Sintético'!G66 -> 2744.4457 | H30: =G30/$G$35 -> 0.011633474 | I30: =I29+H30 -> 0.98135603
A31: ='Orçamento Sintético'!A54 -> COMPOSIÇÃO 15 | B31: ='Orçamento Sintético'!B54 -> SISTEMA DE ATERRAMENTO PARA CENTRAL DE MONITORAMENTO (CCI) | D31: ='Orçamento Sintético'!C54 -> UN. | E31: ='Orçamento Sintético'!D54 -> 4 | F31: ='Orçamento Sintético'!E54*1.2663 -> 460.68944 | G31: ='Orçamento Sintético'!G54 -> 1842.7578 | H31: =G31/$G$35 -> 0.0078112951 | I31: =I30+H31 -> 0.98916733
A32: ='Orçamento Sintético'!A84 -> COMPOSIÇÃO 25 | B32: ='Orçamento Sintético'!B84 -> SINALIZAÇÃO DURANTE OBRAS | D32: ='Orçamento Sintético'!C84 -> UN. | E32: ='Orçamento Sintético'!D84 -> 20 | F32: ='Orçamento Sintético'!E84*1.2663 -> 204.80123 | G32: ='Orçamento Sintético'!G84 -> 1623.9538 | H32: =G32/$G$35 -> 0.0068838033 | I32: =I31+H32 -> 0.99605113
A33: ='Orçamento Sintético'!A57 -> COMPOSIÇÃO 16 | B33: ='Orçamento Sintético'!B57 -> SINAPI: 98678 - PISO ELEVADO COM ESTRUTURA EM AÇO, COMPOSTO POR PEDESTAIS E LONGARINAS. AF_09/2020 (M2) - (CONFORME ESPECIFICAÇÃO TECNICA) | D33: ='Orçamento Sintético'!C57 -> M2 | E33: ='Orçamento Sintético'!D57 -> 29 | F33: ='Orçamento Sintético'!E57*1.2663 -> 19.48333 | G33: ='Orçamento Sintético'!G57 -> 565.01656 | H33: =G33/$G$35 -> 0.0023950576 | I33: =I32+H33 -> 0.99844619
A34: ='Orçamento Sintético'!A42 -> COMPOSIÇÃO 11 | B34: ='Orçamento Sintético'!B42 -> SINAPI: 102282 - ESCAVAÇÃO MECANIZADA DE VALA COM PROF. ATÉ 1,5 M (MÉDIA MONTANTE E JUSANTE/UMA COMPOSIÇÃO POR TRECHO), ESCAVADEIRA (0,8 M3),LARG. MENOR QUE 1,5 M, EM SOLO DE MOLE, EM LOCAIS COM ALTO NÍVEL DE INTERFERÊNCIA. AF_09/2024 | D34: ='Orçamento Sintético'!C42 -> UN. | E34: ='Orçamento Sintético'!D42 -> 20 | F34: ='Orçamento Sintético'!E42*1.2663 -> 18.327925 | G34: ='Orçamento Sintético'!G42 -> 366.55849 | H34: =G34/$G$35 -> 0.0015538106 | I34: =I33+H34 -> 1
G35: =SUM(G18:G34) -> 235909.38

Sheet Memória de Cálculo
A2: Objeto: Contratação de empresa especializada para o fornecimento de equipamentos, materiais e softwares, instalação, configuração, ativação, manutenção, suporte técnico e transferência de tecnologia de sistema de videomonitoramento, incluindo infraestrutura de rede lógica e elétrica, integração com plataformas cortéx, de análise e armazenamento de imagens, e demais procedimentos conforme projeto técnico e termo de referência, visando o fortalecimento da guarda civil municipal de corumbá por meio da ampliação do sistema de videomonitoramento.
A3: MÉMORIA DE CÁLCULO - VIDEOMONITORAMENTO - CORUMBÁ - MS
A4: INFRAESTRUTURA DE TI (CFTV)
A6: ITEM | B6: SOFTWARE DE VIDEOMONITORAMENTO E ANALITICOS (CCI) - ESPECIF. TEC. - ANEXO I | C6: UNIDADE | D6: QUANTIDADE OPERATIVA | E6: JUSTIFICATIVA
A7: COMPOSIÇÃO 1 | B7: FORNECIMENTO,INSTALAÇÃO,CONFIGURAÇÃO, TREINAMENTO E SUPORTE TECNICO DE 36 MESES - LINCENÇAS BASE (VMS) PARA 28 CÂMERAS / LICENÇA ANALITICO E RECONHECIMENTO FACIAL PARA 20 CÂMERA SPEED DOME - 20 LICENÇAS / LICENÇA LPR PARA CÂMERA FIXA - 8 LICENÇAS | C7: UN. | D7: 28 | E7: Conforme projeto técnico
A9: ITEM | B9: EQUIPAMENTO E MATERIAIS PARA SISTEMA DE VIDEOWALL -(CCI) - ESPECIF. TEC. - ANEXO II | C9: UNIDADE | D9: QUANTIDADE OPERATIVA | E9: JUSTIFICATIVA
A10: COMPOSIÇÃO 2 | B10: SUPORTES E COMPONENTES PARA MONITOR DE VIDEOWALL / MONITORES PARA VIDDEOWALL LCD LED 55"/ CONTROLADORA DE VIDEOWALL / CABO HDMI / COM FORNECIMENTO, INSTALAÇÃO, CONFIGURAÇÃO E AJUSTES | C10: UN. | D10: 6 | E10: Conforme projeto técnico
A12: ITEM | B12: EQUIPAMENTO E MATERIAIS PARA SISTEMA DE VIDEOMONITORAMENTE (CCI) - ESPECIF. TEC. - ANEXO III | C12: UNIDADE | D12: QUANTIDADE OPERATIVA | E12: JUSTIFICATIVA
A13: COMPOSIÇÃO 3 | B13: SWITCH GIGABIT 24 PORTAS GERENCIAVEL LAYER/ WORKSTATION COM 2 MONITORES, TECLADO E MOUSE/ SERVIDOR DE DADOS DE PROCESSAMENTO E ARMAZENAMENTO DE IMAGENS/ COM FORNECIMENTO E INSTALAÇÃO | C13: UN. | D13: 4 | E13: Conforme projeto técnico
A15: ITEM | B15: EQUIPAMENTO E MATERIAIS PARA SISTEMA DE VIDEOMONITORAMENTE (CCI) - ESPECIF. TEC. - ANEXO III | C15: UNIDADE | D15: QUANTIDADE OPERATIVA | E15: JUSTIFICATIVA
A16: COMPOSIÇÃO 4 | B16: NOBREAK 10KVA / RACK COMPLETO 44U/ COM FORNECIMENTO E INSTALAÇÃO | C16: UN. | D16: 1 | E16: Conforme projeto técnico
A18: ITEM | B18: MOBILIÁRIO TÉCNICO (CCI) - ESPECIF. TEC. - ANEXO IV | C18: UNIDADE | D18: QUANTIDADE OPERATIVA | E18: JUSTIFICATIVA
A19: COMPOSIÇÃO 5 | B19: MESA TÉCNICA 04 LUGARES / COM FORNECIMENTO E MONTAGEM | C19: UN. | D19: 1 | E19: Conforme projeto técnico
A21: ITEM | B21: MOBILIÁRIO TÉCNICO (CCI) - ESPECIF. TEC. - ANEXO IV | C21: UNIDADE | D21: QUANTIDADE OPERATIVA | E21: JUSTIFICATIVA
A22: COMPOSIÇÃO 6 | B22: CADEIRA TÉCNICA ERGONOMICA/FORNECIMENTO | C22: UN. | D22: 4 | E22: Conforme projeto técnico
A24: ITEM | B24: EQUIPAMENTO E MATERIAIS PARA SISTEMA DE VIDEOMONITORAMENTE (PONTO EXTERNO) - ESPECIF. TEC. - ANEXO V | C24: UNIDADE | D24: QUANTIDADE OPERATIVA | E24: JUSTIFICATIVA
A25: COMPOSIÇÃO 7 | B25: CÂMERA SPEED DOME PTZ IP, CÂMERA IP FIXA, CAIXA OUTDOOR PORTA EQUIPAMENTOS, NOBREAK 700VA, SWITCH 8 PORTAS (CONFORME ESPECIFICAÇÃO TÉCNICA) - FORNECIMENTO, INSTALAÇÃO E CONFIGURAÇÃO | C25: UN. | D25: 28 | E25: Conforme projeto técnico
A27: ITEM | B27: REDE DE FIBRA ÓPTICA (EXTERNO) - ESPECIF. TEC. - ANEXO VI | C27: UNIDADE | D27: QUANTIDADE OPERATIVA | E27: JUSTIFICATIVA
A28: COMPOSIÇÃO 8 | B28: REDE DE FIBRA ÓPTICA AUTOSUSTENTÁVEL - FORNECIMENTO, INSTALAÇÃO E CONFIGURAÇÃO | C28: M | D28: 40000 | E28: Conforme projeto técnico
A30: INFRAESTRUTURA DE CFTV (OBRAS)
A32: ITEM | B32: SISTEMA DE REFRIGERAÇÃO (CCI) - ESPECIF. TEC. - ANEXO VII | C32: UNIDADE | D32: QUANTIDADE OPERATIVA | E32: JUSTIFICATIVA
A33: COMPOSIÇÃO 9 | B33: SINAPI: 103260 - AR CONDICIONADO SPLIT INVERTER, PISO TETO, 24000 BTU/H, QUENTE/FRIO - FORNECIMENTO E INSTALAÇÃO AF_11/2021_PSE | C33: UN. | D33: 2 | E33: Conforme projeto técnico
A35: ITEM | B35: INFRAESTRUTURA PARA POSTE (EXTERNO) - ESPECIF. TEC. - ANEXO VIII | C35: UNIDADE | D35: QUANTIDADE OPERATIVA | E35: JUSTIFICATIVA
A36: COMPOSIÇÃO 10 | B36: SINAPI: 100579 - ASSENTAMENTO DE POSTE DE CONCRETO COM COMPRIMENTO NOMINAL DE 10 M, CARGA NOMINAL MENOR OU IGUAL A 1000 DAN, ENGASTAMENTO SIMPLES COM 1,6M DE SOLO. AF_11/2019 (UN.) | C36: UN. | D36: 20 | E36: Conforme projeto técnico
A38: ITEM | B38: INFRAESTRUTURA PARA POSTE (EXTERNO) | C38: UNIDADE | D38: QUANTIDADE OPERATIVA | E38: JUSTIFICATIVA
A39: COMPOSIÇÃO 11 | B39: SINAPI: 102282 - ESCAVAÇÃO MECANIZADA DE VALA COM PROF. ATÉ 1,5 M (MÉDIA MONTANTE E JUSANTE/UMA COMPOSIÇÃO POR TRECHO), ESCAVADEIRA (0,8 M3),LARG. MENOR QUE 1,5 M, EM SOLO DE MOLE, EM LOCAIS COM ALTO NÍVEL DE INTERFERÊNCIA. AF_09/2024 | C39: UN. | D39: 20 | E39: Conforme projeto técnico
A41: ITEM | B41: INFRAESTRUTURA PARA POSTE (EXTERNO) - ESPECIF. TEC. - ANEXO VIII | C41: UNIDADE | D41: QUANTIDADE OPERATIVA | E41: JUSTIFICATIVA
A42: COMPOSIÇÃO 12 | B42: SINAPI: 101636 - BRAÇO PERSONALIZADO PARA FIXAÇÃO DE CÂMERAS DE VIDEOMONITORAMENTO, EM TUBO DE AÇO GALVANIZADO, COMPRIMENTO DE 1,50 M, PARA FIXAÇÃO EM POSTE DE CONCRETO COM FORNECIMENTO E INSTALAÇÃO . AF_08/2020 | C42: UN. | D42: 20 | E42: Conforme projeto técnico
A44: ITEM | B44: INFRAESTRUTURA PARA POSTE (EXTERNO) - ESPECIF. TEC. - ANEXO VIII | C44: UNIDADE | D44: QUANTIDADE OPERATIVA | E44: JUSTIFICATIVA
A45: COMPOSIÇÃO 13 | B45: GUINCHO MANUAL DE CATRACA - FORNECIMENTO DE MATERIAL E MONTAGEM EM POSTE - (CONFORME ESPECIFICAÇÃO TECNICA) | C45: UN. | D45: 20 | E45: Conforme projeto técnico
A47: ITEM | B47: SISTEMA DE REDE ELETRICA PARA POSTE COM ATERRAMENTO (EXTERNO) - ESPECIF. TEC. - ANEXO IX | C47: UNIDADE | D47: QUANTIDADE OPERATIVA | E47: JUSTIFICATIVA
A48: COMPOSIÇÃO 14 | B48: SINAPI: 101489 - ENTRADA DE ENERGIA ELÉTRICA, AÉREA, MONOFÁSICA, COM CAIXA DE SOBREPOR, CABO DE 10 MM2 E DISJUNTOR DIN 50A AF_07/2020_PS COM SISTEMA DE ATERRAMENTO (UN.) | C48: UN. | D48: 20 | E48: Conforme projeto técnico
A50: ITEM | B50: SISTEMA DE ATERRAMENTO (CCI) - ESPECIF. TEC. - ANEXO X | C50: UNIDADE | D50: QUANTIDADE OPERATIVA | E50: JUSTIFICATIVA
A51: COMPOSIÇÃO 15 | B51: SISTEMA DE ATERRAMENTO PARA CENTRAL DE MONITORAMENTO (CCI) | C51: UN. | D51: 4 | E51: Conforme projeto técnico
A53: ITEM | B53: ADEQUAÇÃO DA SALA DE VIDEOMONITORAMENTO (CCI) - ESPECIF. TEC. - ANEXO XI | C53: UNIDADE | D53: QUANTIDADE OPERATIVA | E53: JUSTIFICATIVA
A54: COMPOSIÇÃO 16 | B54: SINAPI: 98678 - PISO ELEVADO COM ESTRUTURA EM AÇO, COMPOSTO POR PEDESTAIS E LONGARINAS. AF_09/2020 (M2) - (CONFORME ESPECIFICAÇÃO TECNICA) | C54: M2 | D54: 29 | E54: Conforme projeto técnico
A56: ITEM | B56: ADEQUAÇÃO DA SALA DE VIDEOMONITORAMENTO (CCI) - ESPECIF. TEC. - ANEXO XI | C56: UNIDADE | D56: QUANTIDADE OPERATIVA | E56: JUSTIFICATIVA
A57: COMPOSIÇÃO 17 | B57: SINAPI: 104723 - PAREDE COM SISTEMA EM CHAPAS DE GESSO PARA DRYWALL, USO INTERNO, COM DUAS FACES DUPLAS E ESTRUTURA METÁLICA COM GUIAS DUPLAS PARA PAREDES COM ÁREA LÍQUIDA MENOR QUE 6 M2, COM VÃOS. AF_07/2023_PS (M2) - (CONFORME ESPECIFICAÇÃO TECNICA) | C57: M2 | D57: 182 | E57: Conforme projeto técnico
A59: ITEM | B59: ADEQUAÇÃO DA SALA DE VIDEOMONITORAMENTO (CCI) - ESPECIF. TEC. - ANEXO XI | C59: UNIDADE | D59: QUANTIDADE OPERATIVA | E59: JUSTIFICATIVA
A60: COMPOSIÇÃO 18 | B60: SINAPI: 96114 - FORRO EM DRYWALL, PARA AMBIENTES COMERCIAIS, INCLUSIVE ESTRUTURA BIRECIONAL DE FIXAÇÃO. AF_08/2023_PS (M2) - (CONFORME ESPECIFICAÇÃO TECNICA) | C60: M2 | D60: 29 | E60: Conforme projeto técnico
A62: ITEM | B62: ADEQUAÇÃO DA SALA DE VIDEOMONITORAMENTO (CCI) - ESPECIF. TEC. - ANEXO XI | C62: UNIDADE | D62: QUANTIDADE OPERATIVA | E62: JUSTIFICATIVA
A63: COMPOSIÇÃO 19 | B63: SINAPI: 100683 - KIT DE PORTA DE MADEIRA PARA VERNIZ, SEMI-OCA (LEVE OU MÉDIA), PADRÃO MÉDIO, 80X210CM, ESPESSURA DE 3,5CM, ITENS INCLUSOS: DOBRADIÇAS, MONTAGEM E INSTALAÇÃO DE BATENTE, FECHADURA COM EXECUÇÃO DO FURO - FORNECIMENTO E INSTALAÇÃO. AF_12/2019 | C63: UN. | D63: 1 | E63: Conforme projeto técnico
A65: ITEM | B65: ADEQUAÇÃO DA REDE ELÉTRICA E REDE ESTRUTURADA DA (CCI) - ESPECIF. TEC. - ANEXO XII | C65: UNIDADE | D65: QUANTIDADE OPERATIVA | E65: JUSTIFICATIVA
A66: COMPOSIÇÃO 20 | B66: ADEQUAÇÃO DA INFRAESTRUTURA PARA CABEAMENTO DA REDE ELETRICA E DADOS - (CONFORME ESPECIFICAÇÃO TECNICA) - FORNECIMENTO E INSTALAÇÕES | C66: UN. | D66: 1 | E66: Conforme projeto técnico
A68: ITEM | B68: ADEQUAÇÃO DA REDE ELÉTRICA E REDE ESTRUTURADA DA (CCI) - ESPECIF. TEC. - ANEXO XII | C68: UNIDADE | D68: QUANTIDADE OPERATIVA | E68: JUSTIFICATIVA
A69: COMPOSIÇÃO 21 | B69: ADEQUAÇÃO DA INFRAESTRUTURA DO SISTEMA DE DISTRIBUIÇÃO DE ENERGIA ELETRICA E DE PROTEÇÃO CONTRA SURTOS ELETRICOS - (CONFORME ESPECIFICAÇÃO TECNICA) - FORNECIMENTO E INSTALAÇÕES | C69: UN. | D69: 1 | E69: Conforme projeto técnico
A71: ITEM | B71: ADEQUAÇÃO DA REDE ELÉTRICA E REDE ESTRUTURADA DA (CCI) - ESPECIF. TEC. - ANEXO XII | C71: UNIDADE | D71: QUANTIDADE OPERATIVA | E71: JUSTIFICATIVA
A72: COMPOSIÇÃO 22 | B72: PASSAGEM DE CABOS PELOS ELETRODUTOS E CALHAS - (CONFORME ESPECIFICAÇÃO TECNICA) - FORNECIMENTO E INSTALAÇÕES | C72: M | D72: 600 | E72: Conforme projeto técnico
A74: ITEM | B74: ADEQUAÇÃO DA REDE ELÉTRICA E REDE ESTRUTURADA DA (CCI) - ESPECIF. TEC. - ANEXO XII | C74: UNIDADE | D74: QUANTIDADE OPERATIVA | E74: JUSTIFICATIVA
A75: COMPOSIÇÃO 23 | B75: FIXAÇÃO E INTERCONEXÃO DO QUADRO DE DISTRIBUIÇÕES DAS TOMADAS, LUMINÁRIAS E INTERRUPTOR (CONFORME ESPECIFICACÃO TÉCNICA) - FORNECIMENTO E INSTALAÇÕES | C75: UN. | D75: 15 | E75: Conforme projeto técnico
A77: ITEM | B77: ALUGUEL DE BANHEIRO QUÍMICO COM LIMPEZA,ENTREGA,RETIRADA E MOVIMENTAÇÃO POR CARRETINHA | C77: UNIDADE | D77: QUANTIDADE OPERATIVA | E77: JUSTIFICATIVA
A78: COMPOSIÇÃO 24 | B78: ALUGUEL DE BANHEIRO QUÍMICO COM LIMPEZA,ENTREGA,RETIRADA E MOVIMENTAÇÃO POR CARRETINHA | C78: UN. | D78: 12 | E78: Conforme projeto técnico
A80: ITEM | B80: SINALIZAÇÃO DURANTE OBRAS | C80: UNIDADE | D80: QUANTIDADE OPERATIVA | E80: JUSTIFICATIVA
A81: COMPOSIÇÃO 25 | B81: SINALIZAÇÃO DURANTE OBRAS | C81: UN. | D81: 20 | E81: Conforme projeto técnico

Sheet Cronograma
A2: Objeto: Contratação de empresa especializada para o fornecimento de equipamentos, materiais e softwares, instalação, configuração, ativação, manutenção, suporte técnico e transferência de tecnologia de sistema de videomonitoramento, incluindo infraestrutura de rede lógica e elétrica, integração com plataformas cortéx, de análise e armazenamento de imagens, e demais procedimentos conforme projeto técnico e termo de referência, visando o fortalecimento da guarda civil municipal de corumbá por meio da ampliação do sistema de videomonitoramento. Prazo de execução: 18 meses.
A3: CORONOGRAMA FÍSICO-FINANCEIRO - INICIAL
B5: Etapas de Execução / Desembolso
A6: DESCRIÇÃO | B6: 1ª | C6: 2ª | D6: 3ª | E6: 4ª | F6: 5ª | G6: 6ª | H6: 7ª | I6: 8ª | J6: 9ª | K6: 10ª | L6: 11ª | M6: 12ª | N6: 13ª | O6: 14ª | P6: 15ª | Q6: 16ª | R6: 17ª | S6: 18ª | T6: Total acumulado
A7: Objeto: Contratação de empresa especializada para o fornecimento de equipamentos, materiais e softwares, instalação, configuração, ativação, manutenção, suporte técnico e transferência de tecnologia de sistema de videomonitoramento, incluindo infraestrutura de rede lógica e elétrica, integração com plataformas cortéx, de análise e armazenamento de imagens, e demais procedimentos conforme projeto técnico e termo de referência, visando o fortalecimento da guarda civil municipal de corumbá por meio da ampliação do sistema de videomonitoramento. | B7: 0.1855 | C7: 0.0465 | D7: 0.0465 | E7: 0.0928 | F7: 0.0928 | G7: 0.4639 | H7: 0.006 | I7: 0.006 | J7: 0.006 | K7: 0.006 | L7: 0.006 | M7: 0.006 | N7: 0.006 | O7: 0.006 | P7: 0.006 | Q7: 0.006 | R7: 0.006 | S7: 0.006 | T7: =SUM(B7:S7) -> 1
B8: =$T$10*B7 -> 472481.74 | C8: =$T$10*C7 -> 118438.82 | D8: =$T$10*D7 -> 118438.82 | E8: =$T$10*E7 -> 236368.22 | F8: =$T$10*F7 -> 236368.22 | G8: =$T$10*G7 -> 1181586.4 | H8: =$T$10*H7 -> 15282.428 | I8: =$T$10*I7 -> 15282.428 | ... S8: =$T$10*S7 -> 15282.428 | T8: =SUM(B8:S8) -> 2547071.4
A9: TOTAL POR PERIODO | B9: =B7 -> 0.1855 | C9: =B9+C7 -> 0.232 | D9: =C9+D7 -> 0.2785 | E9: =D9+E7 -> 0.3713 | F9: =E9+F7 -> 0.4641 | G9: =F9+G7 -> 0.928 | H9: =G9+H7 -> 0.934 | I9: =H9+I7 -> 0.94 | J9: =I9+J7 -> 0.946 | ... S9: =R9+S7 -> 1 | T9: =S9 -> 1
A10: TOTAL ACUMULADO ATÉ O PERÍODO | B10: =B8 -> 472481.74 | C10: =B10+C8 -> 590920.56 | D10: =C10+D8 -> 709359.38 | E10: =D10+E8 -> 945727.6 | F10: =E10+F8 -> 1182095.8 | G10: =F10+G8 -> 2363682.2 | H10: =G10+H8 -> 2378964.7 | I10: =H10+I8 -> 2394247.1 | J10: =I10+J8 -> 2409529.5 | ... S10: =R10+S8 -> 2547071.4 | T10: ='Planilha de Composição'!L330 -> 2547071.4
